 Dungeon Crawl Stone Soup version 0.31-a0-750-gfe7b580527 (webtiles) character file.

Game seed: 11309076426960970383

2138065 MackTheKnife the Slayer (level 25, 214/214 HPs)
             Began as a Vampire Wanderer on Sept 12, 2023.
             Was a High Priest of Jiyva.
             Escaped with the Orb
             ... and 4 runes on Sept 14, 2023!
             The game lasted 03:16:42 (77882 turns).

MackTheKnife the Slayer (Vampire Wanderer)         Turns: 77882, Time: 03:16:42

Health: 214/214    AC: 28    Str: 25      XL:     25   Next: 70%
Magic:  35/35      EV: 24    Int: 16 (18) God:    Jiyva [*****.]
Gold:   283        SH: 24    Dex: 25 (26) Spells: 22/40 levels left

rFire   + + +        b - +7 demon trident (vamp) {polearm}
rCold   . . .        N - +9 kite shield of the Wary Ghosts {Str+2 Dex-5 SInv}
rNeg    + . .        a - +8 fire dragon scales
rPois   +            (helmet unavailable)
rElec   +            f - +1 cloak of Madaluew {Contam rC+ Dex+4}
rCorr   +            I - +0 pair of gloves of the Neverending Ships {rElec Str+2}
SInv    +            s - +2 pair of boots
Will    +++..        p - amulet of the Eye-covered God {RegenMP rF+ rCorr Str+2}
Stlth   ++           H - ring "Afowador" {rPois rN+ Dex+6 SInv}
HPRegen 2.19/turn    m - ring "Mevaed" {AC+4 Dex+5}
MPRegen 1.09/turn

%: random rage (3%)
@: healing quickly
A: alive, fangs 3, see invisible, vampiric 2, antennae 3, hooves 1, berserk 1,
deformed body, strong-willed 1, sense surroundings 3, strong 1, acidic bite,
eyeballs 1, translucent skin 2, jelly sensing items, inability to read after
injury 1
0: Orb of Zot
}: 4/15 runes: decaying, serpentine, slimy, silver
a: Exsanguinate, Renounce Religion, Oozemancy, Slimify


You escaped.
You worshipped Jiyva.
Jiyva was extremely pleased with you.
You visited 10 branches of the dungeon, and saw 52 of its levels.
You visited the Abyss 2 times.
You also visited: Bailey, Ice Cave and Wizlab.

You collected 6575 gold pieces.
You spent 6292 gold pieces at shops.


Innate Abilities, Weirdness & Mutations

Your natural rate of healing is accelerated.
You have razor-sharp teeth.
You have supernaturally acute eyesight. (SInv)
You are afflicted with vampirism and can become a bat while bloodless.
You have a pair of large antennae on your head. (SInv)
You have large cloven feet.
You sometimes lose your temper in combat.
Armour fits poorly on your strangely shaped body.
You are strong-willed. (Will+)
You passively map a large area around you.
Your muscles are strong. (Str +4, Int/Dex -1)
You have acidic saliva.
Your body has grown eyes which may confuse attackers. (Acc +3)
Your translucent skin reduces your foes' accuracy. (Stealth+)
You have a small jelly attached to you that senses nearby items.
You occasionally lose the ability to read scrolls when taking damage.


   Skills:
 - Level 21.1 Fighting
 - Level 1.0 Long Blades
 - Level 14.0 Polearms
 - Level 14.0 Armour
 - Level 18.0 Dodging
 - Level 16.0 Stealth
 - Level 14.0 Shields
 - Level 8.0 Spellcasting
 - Level 10.0 Conjurations
 - Level 10.0 Hexes
 - Level 13.1 Transmutations
 - Level 5.1 Air Magic
 - Level 10.0 Invocations
 + Level 15.7 Evocations


You had 22 spell levels left.
You knew the following spells:

 Your Spells              Type           Power      Damage    Failure   Level
a - Shock                 Conj/Air       100%       1d9       1%          1
b - Poisonous Vapours     Pois/Air       28%        N/A       19%         2
c - Wereblood             Tmut           48%        N/A       1%          2
d - Irradiate             Conj/Tmut      21%        3d18      9%          5
e - Yara's Violent Unrav  Hex/Tmut       21%        3d10      9%          5
f - Sigil of Binding      Hex            38%        N/A       1%          3

Your spell library contained the following spells:

 Spells                   Type           Power      Damage    Failure   Level
 Magic Dart               Conj           100%       1d8       1%          1
 Slow                     Hex            100%       N/A       1%          1
 Searing Ray              Conj           76%        2d7       1%          2
 Confusing Touch          Hex            38%        N/A       1%          3
 Tukima's Dance           Hex            38%        N/A       1%          3
 Kiss of Death            Conj/Necr      88%        2d12      4%          1
 Fulminant Prism          Conj/Hex       19%        3d11      6%          4
 Inner Flame              Hex/Fire       22%        N/A       14%         3
 Mephitic Cloud           Conj/Pois/Air  22%        N/A       14%         3
 Petrify                  Tmut/Erth      27%        N/A       24%         4
 Cigotuvi's Dreadful Rot  Necr/Pois/Air  22%        N/A       26%         2
 Freeze                   Ice            24%        1d4       34%         1
 Necrotise                Necr           24%        1d5       34%         1
 Airstrike                Air            11%        2d(2-18)  41%         4
 Dimensional Bullseye     Hex/Tloc       11%        N/A       41%         4
 Flame Wave               Conj/Fire      22%        2d8       41%         4
 Iskenderun's Mystic Bla  Conj/Tloc      22%        2d6       41%         4
 Leda's Liquefaction      Hex/Erth       11%        N/A       41%         4
 Call Imp                 Summ           12%        N/A       47%         2
 Frozen Ramparts          Ice            12%        1d2       71%         3
 Gell's Gravitas          Tloc           6%         N/A       71%         3
 Ozocubu's Armour         Ice            6%         N/A       71%         3
 Teleport Other           Tloc           6%         N/A       71%         3
 Vampiric Draining        Necr           6%         2d6       71%         3
 Freezing Cloud           Conj/Ice/Air   11%        6-21      77%         5
 Metabolic Englaciation   Hex/Ice        11%        N/A       77%         5
 Summon Mana Viper        Hex/Summ       22%        N/A       77%         5
 Animate Dead             Necr           6%         N/A       98%         4
 Dispel Undead            Necr           6%         3d8       98%         4
 Summon Ice Beast         Ice/Summ       6%         N/A       98%         4
 Enfeeble                 Hex            19%        N/A       99%         7
 Borgnjor's Vile Clutch   Necr/Erth      3%         N/A       100%        5
 Lee's Rapid Deconstruct  Erth           3%         3d5*      100%        5
 Death Channel            Necr           3%         N/A       100%        6
 Dispersal                Tloc           3%         N/A       100%        6
 Leda's Unmaking          Conj/Erth      11%        9d3       100%        6
 Simulacrum               Ice/Necr       3%         N/A       100%        6
 Malign Gateway           Summ/Tloc      3%         N/A       100%        7
 Monstrous Menagerie      Summ           3%         N/A       100%        7
 Ozocubu's Refrigeration  Ice            3%         4d8       100%        7
 Summon Horrible Things   Summ           3%         N/A       100%        8
 Chain Lightning          Conj/Air       15%        3d20      100%        9
 Fire Storm               Conj/Fire      11%        8d3       100%        9
 Polar Vortex             Ice            3%         N/A       100%        9
 Shatter                  Erth           3%         3d7*      100%        9
 Death's Door             Necr           Unusable   N/A       N/A         9

Inventory:

Hand Weapons
 b - a +7 vampiric demon trident (weapon) {polearm}
   (Okawaru gifted it to you on level 2 of the Orcish Mines)
Armour
 a - +8 fire dragon scales (worn)
   (You found it on level 3 of the Depths)
 f - the +1 cloak of Madaluew (worn) {Contam rC+ Dex+4}
   (You found it on level 3 of the Elven Halls)

   Dex+4:     It affects your dexterity (+4).
   rC+:       It protects you from cold.
   Contam:    It causes magical contamination when unequipped.
 r - a +2 helmet
   (You found it on level 2 of the Dungeon)
 s - a +2 pair of boots (worn)
   (You found it on level 2 of the Dungeon)
 I - the +0 pair of gloves of the Neverending Ships (worn) {rElec Str+2}
   (You found it on level 5 of the Pits of Slime)

   Str+2:     It affects your strength (+2).
   rElec:     It insulates you from electricity.
 N - the +9 kite shield of the Wary Ghosts (worn) {Str+2 Dex-5 SInv}
   (You took it off Asterion on level 2 of the Elven Halls)

   Str+2:     It affects your strength (+2).
   Dex-5:     It affects your dexterity (-5).
   SInv:      It lets you see invisible.
 S - the +1 pair of gloves "Urchah" {Will+ SInv}
   (You found it on level 5 of the Vaults)

   Will+:     It increases your willpower.
   SInv:      It lets you see invisible.
Jewellery
 i - a +5 ring of evasion
   (You bought it in a shop on level 14 of the Dungeon)
 m - the ring "Mevaed" (right hand) {AC+4 Dex+5}
   (You bought it in a shop on level 1 of the Elven Halls)

   [ring of protection]

   AC+4:      It affects your AC (+4).
   Dex+5:     It affects your dexterity (+5).
 p - the amulet of the Eye-covered God (around neck) {RegenMP rF+ rCorr Str+2}
   (You acquired it in a bailey)

   [amulet of magic regeneration]

   RegenMP:   It increases your rate of magic regeneration.
   Str+2:     It affects your strength (+2).
   rF+:       It protects you from fire.
   rCorr:     It protects you from acid and corrosion.
 t - a ring of willpower
   (You bought it in a shop on level 1 of the Orcish Mines)
 v - a ring of protection from cold
   (You took it off a death knight on level 15 of the Dungeon)
 H - the ring "Afowador" (left hand) {rPois rN+ Dex+6 SInv}
   (You acquired it on level 12 of the Dungeon)

   [ring of dexterity]

   Dex+6:     It affects your dexterity (+6).
   rPois:     It protects you from poison rN+: It protects you from negative
   energy.
   SInv:      It lets you see invisible.
 O - a ring of see invisible
   (You took it off a deep elf death mage on level 3 of the Elven Halls)
 Z - a ring of flight
   (You took it off a gnoll on level 13 of the Dungeon)
Wands
 g - a wand of paralysis (17)
   (You found it on level 12 of the Dungeon)
 C - a wand of polymorph (6)
   (You found it on level 5 of the Vaults)
 T - a wand of mindburst (19)
   (You found it on level 2 of the Lair of Beasts)
 U - a wand of flame (29)
   (You found it on level 2 of the Lair of Beasts)
 W - a wand of light (3)
   (You found it on level 2 of the Depths)
 Y - a wand of iceblast (10)
   (You found it on level 12 of the Dungeon)
Scrolls
 h - 5 scrolls of amnesia
 j - 3 scrolls of poison
 n - a scroll of silence {!r}
 x - 5 scrolls of identify {@r1}
 y - 5 scrolls of vulnerability {!r!r}
 z - a scroll of brand weapon
 A - 2 scrolls of revelation
 G - a scroll of blinking {!r}
 L - 5 scrolls of teleportation {@r4}
 X - 4 scrolls of fear
Potions
 c - a potion of haste {@q3}
 d - 8 potions of attraction {!q}
 e - 2 potions of resistance
 l - a potion of might
 o - 9 potions of brilliance
 u - 2 potions of mutation {!q}
 w - 5 potions of heal wounds {@q2}
 B - 18 potions of curing {@q1}
 D - 5 potions of magic
 F - 5 potions of enlightenment
Miscellaneous
 k - a phantom mirror (inert)
   (You bought it in a shop on level 2 of the Snake Pit)
 q - a box of beasts (inert)
   (You bought it in a shop on level 2 of the Snake Pit)
 E - a condenser vane (inert)
   (You found it on level 5 of the Vaults)
 K - a lightning rod (4/4)
   (You bought it in a shop on level 2 of the Snake Pit)
 P - a phial of floods
   (You found it on level 12 of the Dungeon)

Dungeon Overview and Level Annotations

Branches:
Dungeon (15/15)            Temple (0/1) D:7            Lair (5/5) D:8
  Swamp (4/4) Lair:2        Snake (4/4) Lair:3        Slime (5/5) Lair:4
    Orc (2/2) D:9             Elf (3/3) Orc:2        Vaults (5/5) D:14
  Crypt (0/3) Vaults:3     Depths (4/4) D:15            Zot (5/5) Depths:4
 Bailey (visited)           IceCv (visited)          WizLab (visited)

Altars:
Fedhas
Gozag
Hepliaklqana
Kikubaaqudgha
Nemelex Xobeh
Okawaru
Sif Muna
Trog
Uskayaw
Xom
Yredelemnul
Jiyva

Shops:
D:14 =[*   Orc:1 =   Orc:2 [=[*   Elf:1 ==:   Elf:3 (   Snake:2 *   Snake:3 !
Snake:4 :   Vaults:1 (   Vaults:3 *   Depths:1 *   Depths:3 ?   Depths:4 ?[[(*

Portals:
Hell: Depths:1 Depths:2 Depths:3 Depths:4
Abyss: Depths:3 Depths:4
Pandemonium: Orc:2 Depths:1 Depths:2 Depths:4
Ziggurat: Depths:3
Trove: D:11 (give 6 scrolls of fog)

Annotations:
D:12 2 runed translucent doors
Snake:3 exclusion: downstairs
Slime:5 Royal Jelly
Orc:1 1 runed translucent door
Elf:2 3 runed translucent doors
Elf:3 Roxanne
Depths:1 exclusions: 4 hell knights, salamander, soul eater and 6 more exclusions
Depths:4 exclusion: 2 upstairs
Zot:1 2 transporters, exclusion: obsidian statue
Zot:3 exclusion: downstairs
Zot:5 exclusions: 2 upstairs and 2 more exclusions

.#.....#.......#.# #.# #.#
.......#...#####.# #)# #[###
####...#...#####.###.# #...#
...)...#.............# #..##
###.####...#####.##########.##
#..........#...#.............#
#.#.########.>.###############
#.#.#.............#
#.#.#.##........@.#
#.#.#.............#
#...###....#########
#..................#
....##############.#########
##..# #.........# ##.#
#########.# #.# #.# ###.#####
#.#


There were no monsters in sight!


Message History

You puncture the hell beast! You block the hell beast's attack. x2
You catch the helpless hell beast completely off-guard!
You puncture the hell beast! You bite the hell beast!
You impale the hell beast!!
You kill the hell beast!
No target in view!
There is a stone staircase leading up here.
You climb upwards.
There is a stone staircase leading down here.
What level of the Dungeon? (default 1, ? - help)
An Orb Guardian comes into view.
Unknown command.
Unknown command.
You reach to attack!
You hit the Orb Guardian.
An Executioner comes into view.
There is a stone staircase leading up here.
Unknown command.
You block the Orb Guardian's attack. The Orb Guardian hits you!!
You climb upwards.
There is a stone staircase leading down here.
Unknown command. 😕 HP[-17]
You take 17 damage, and now have 197/214 hp.
You puncture the Orb Guardian!
You feel better.
You bite the Orb Guardian!
You block the Orb Guardian's attack. 😕 HP[+3]
You regained 3 hp, and now have 200/214 hp.
You hit the Orb Guardian but do no damage.
You bite the Orb Guardian, but do no damage.
You block the Orb Guardian's attack. 😕 HP[+2]
You regained 2 hp, and now have 202/214 hp.
You closely miss the Orb Guardian.
You bite the Orb Guardian, but do no damage.
You block the Orb Guardian's attack. 😕 HP[+1]
You hit the Orb Guardian. 😕 HP[+2]
You regained 2 hp, and now have 205/214 hp.
You hit the Orb Guardian. You bite the Orb Guardian.
The acid corrodes the Orb Guardian!
You block the Orb Guardian's attack. 😕 HP[+1]
You barely miss the Orb Guardian.
You block the Orb Guardian's attack. 😕 HP[+1]
You hit the Orb Guardian but do no damage.
You bite the Orb Guardian.
The Orb Guardian seems to be corroded for longer.
The Orb Guardian misses you. 😕 HP[+1]
You puncture the Orb Guardian!
You feel better.
You bite the Orb Guardian!!
The Orb Guardian seems to be corroded for longer.
You block the Orb Guardian's attack. 😎 HP[+6]
Your hp is fully restored (214).
You impale the Orb Guardian!!
You kill the Orb Guardian!
You feel your strength returning.
No target in view!
There is an escape hatch in the ceiling, spattered with blood here.
A mysterious force pulls you upwards. The hatch slams shut behind you.
What level of the Dungeon? (default 1, ? - help)
There is a stone staircase leading up here.
You climb upwards.
A demonic crawler comes into view.
There is a stone staircase leading down here.
You reach to attack!
You puncture the demonic crawler!
You reach to attack!
You barely miss the demonic crawler.
You hit the demonic crawler but do no damage.
The demonic crawler hits you but does no damage.
You block the demonic crawler's attack. x2
You hit the demonic crawler but do no damage.
You block the demonic crawler's attack. x2
The demonic crawler barely misses you.
You puncture the demonic crawler!
You block the demonic crawler's attack. x3
You puncture the demonic crawler!
You block the demonic crawler's attack. x3
You puncture the demonic crawler! You bite the demonic crawler!!
The acid corrodes the demonic crawler!
You block the demonic crawler's attack. x2
The demonic crawler hits you but does no damage.
You impale the demonic crawler!!
You kill the demonic crawler!
No target in view!
What level of the Dungeon? (default 1, ? - help)
There is a stone staircase leading down here.
There is a stone staircase leading up here.
You climb upwards.
There is a stone staircase leading down here.
There is a stone staircase leading up here.
You climb upwards.
There is a stone staircase leading down here. 5 hell hounds come into view.
The hell hound moves out of view. x5
There is an escape hatch in the ceiling here.
The hell hound breathes flames at you. The blast of flame misses you.
A mysterious force pulls you upwards. The hatch slams shut behind you.
What level of the Dungeon? (default 1, ? - help) You're already here!
You see here a +0 long sword {long}.
There is a staircase leading out of the dungeon here.
You have escaped!

Skill      XL: |  1  2  3  4  5  6  7  8  9 10 11 12 13 14 15 16 17 18 19 20 21 22 23 24 25 |
---------------+----------------------------------------------------------------------------+-----
Air Magic      | 5 |  5.1
Polearms       | 1 3 4 6 7 8 10 12 14 | 14.0
Fighting       | 6 8 13 14 16 18 20 21 | 21.1
Armour         | 4 6 8 10 12 13 14 | 14.0
Dodging        | 4 5 12 13 15 16 18 | 18.0
Shields        | 6 9 12 13 14 | 14.0
Invocations    | 6 10 | 10.0
Evocations     | 5 6 8 10 11 15 | 15.7
Spellcasting   | 3 6 8 |  8.0
Stealth        | 12 14 16 | 16.0
Transmutations | 10 13 | 13.1
Conjurations   | 7 10 | 10.0
Hexes          | 6 10 | 10.0
Long Blades    | |  1.0

Action                     |  1- 3 |  4- 6 |  7- 9 | 10-12 | 13-15 | 16-18 | 19-21 | 22-24 | 25-27 || total
---------------------------+-------+-------+-------+-------+-------+-------+-------+-------+-------++-------
  Melee: Falchion          |    30 |       |       |       |       |       |       |       |       ||    30
         Bite              |     4 |     6 |    20 |    92 |   284 |   459 |   781 |   710 |   106 ||  2462
         Trident           |    25 |    79 |   273 |   881 |  1908 |   648 |   191 |       |       ||  4005
         Punch             |       |     1 |     5 |     1 |       |       |       |       |       ||     7
         Headbutt          |       |       |       |       |   155 |       |       |       |       ||   155
         Demon trident     |       |       |       |       |       |  2324 |  3531 |  3375 |   571 ||  9801
         Kick              |       |       |       |       |       |       |   300 |       |       ||   300
         Unarmed           |       |       |       |       |       |       |       |       |     2 ||     2
   Cast: Shock             |    62 |    71 |       |       |       |       |       |       |       ||   133
         Poisonous Vapours |       |     1 |       |       |       |       |       |       |       ||     1
         Wereblood         |       |       |       |       |       |       |       |    16 |       ||    16
         Irradiate         |       |       |       |       |       |       |       |     8 |       ||     8
         Sigil of Binding  |       |       |       |       |       |       |       |     6 |       ||     6
 Invoke: Heroism           |       |       |       |     4 |    22 |    12 |       |       |       ||    38
         Finesse           |       |       |       |       |     1 |     1 |       |       |       ||     2
         Duel              |       |       |       |       |       |     1 |       |       |       ||     1
         Oozemancy         |       |       |       |       |       |       |     2 |     7 |     3 ||    12
Ability: Evoke Blink       |       |       |       |       |       |     9 |       |       |       ||     9
         Exsanguinate      |       |       |       |       |       |       |       |       |     1 ||     1
  Evoke: Wand              |       |       |       |    11 |    13 |    40 |    19 |    14 |     9 ||   106
         Phial of floods   |       |       |       |       |       |     4 |     2 |     1 |       ||     7
         Lightning rod     |       |       |       |       |       |    18 |    15 |     8 |       ||    41
         Box of beasts     |       |       |       |       |       |       |     4 |     2 |     1 ||     7
         Phantom mirror    |       |       |       |       |       |       |     2 |     3 |     1 ||     6
         Condenser vane    |       |       |       |       |       |       |       |       |     1 ||     1
    Use: Scroll            |       |     1 |     9 |     8 |    21 |    16 |     5 |    20 |     1 ||    81
         Potion            |       |       |     1 |     4 |     6 |    29 |     7 |     2 |    14 ||    63
   Stab: Sleeping          |     4 |     3 |       |       |       |       |    12 |     5 |       ||    24
         Distracted        |       |       |     1 |       |       |     3 |    20 |    25 |     5 ||    54
         Paralysed         |       |       |       |     7 |    11 |     3 |    13 |     3 |       ||    37
         Invisible         |       |       |       |       |       |    27 |     4 |       |     2 ||    33
         Confused          |       |       |       |       |       |     2 |    43 |    49 |     3 ||    97
 Armour: Robe              |    29 |     3 |       |       |       |       |       |       |       ||    32
         Leather armour    |       |    41 |    13 |       |       |       |       |       |       ||    54
         Chain mail        |       |       |   206 |   677 |  1090 |   633 |  1310 |   244 |       ||  4160
         Plate armour      |       |       |       |       |       |   957 |       |       |       ||   957
         Fire dragon scale |       |       |       |       |       |       |       |   939 |   203 ||  1142
         Skin              |       |       |       |       |       |       |       |       |     4 ||     4
  Dodge: Dodged            |    34 |    40 |    53 |   184 |   442 |   771 |  1168 |  1290 |   198 ||  4180
  Block: Kite shield       |       |       |       |   275 |   948 |  1423 |  2109 |  2651 |   410 ||  7816

Levels and vault maps discovered:
D:1:      amcnicky_arrival_blooded_trapdoor, layout_basic
D:2:      minmay_chambers_of_twos, layout_basic
D:3:      layout_loops_corners, mainiacjoe_overflow_brackets,
          mainiacjoe_overflow_two_lobes, uniq_jessica
D:4:      layout_loops_ring
D:5:      layout_basic, mainiacjoe_overflow_alcove_2, st_stairs_1,
          dk_vineyard_3, minmay_joined_circles
D:6:      layout_cave_pools, nicolae_yredelemnul_corpse_copse,
          nicolae_sif_muna_condensation, uniq_grinder
D:7:      layout_basic, minmay_temple_entry_purple_smoke, enter_bailey_2
D:8:      layout_loops_cross, fedhas_altar_2, lair_entry_dummy, st_stairs_5,
          minmay_strange_pillars
D:9:      layout_long_grid, nemelex_diamond_rough_becter,
          minmay_orc_entry_guard_dogs, eino_house_with_fridge
D:10:     minmay_klotski, layout_long_grid, mainiacjoe_overflow_alcove_4
D:11:     layout_roguey, serial_corexii_hall, chequers_hall_statues_wall_a,
          chequers_hall_statues_y, corexii_hall_statues_x,
          corexii_hall_statues_i, enter_trove_2
D:12:     minmay_the_grid_triangle_9x9_line_8_mashed
          [minmay_the_grid_triangle_9x9_steps,
          minmay_the_grid_triangle_9x9_alien,
          minmay_the_grid_triangle_9x9_zippers_vertical,
          minmay_the_grid_triangle_9x9_corruption,
          minmay_the_grid_triangle_9x9_tough_junction,
          minmay_the_grid_triangle_9x9_from_above,
          minmay_the_grid_triangle_9x9_sparse_checkered,
          minmay_the_grid_triangle_9x9_prize_schism], layout_small_grid,
          zin_angel
D:13:     layout_loops_cross, blue_anna_alchemist
D:14:     minmay_s_stair_smasher, layout_irregular_city,
          hellmonk_vaults_order_and_chaos, minmay_splitting_lines, serial_shops,
          statue_bzr, nicolae_shop_behind_doors, nicolae_stop_n_shop_2,
          kennysheep_little_box
D:15:     hangedman_depths_entry_try_elsewhere_first, layout_loops_ring,
          nrook_mini_vaults, minmay_misc_feat_more_columns,
          nicolae_gozag_seed_capital
Lair:1:   layout_hall_layers, grunt_megastairs_4, uniq_gastronok
Lair:2:   layout_roguey, nicolae_swamp_entry_splash_gauntlet,
          gammafunk_ghost_ooze, pdpol_lair_neglected_garden,
          beast_lair_carwin_11
Lair:3:   layout_loops_ring, nicolae_snake_entry_squirm,
          ebering_ghost_rock_garden, uniq_nessos
Lair:4:   layout_long_grid, slime_entry_1, minmay_stone_trees_medium,
          serial_bayou_pond_d, lemuel_fruit_tree
Lair:5:   hangedman_lair_tendril_chambers, layout_loops_ring
Swamp:1:  layout_falls_marsh, evilmike_swamp_ruin_house_1,
          infiniplex_staircase_pool
Swamp:2:  layout_basic_swamp, hangedman_swamp_ruin_hall
Swamp:3:  layout_basic_swamp, nicolae_swamp_feature_on_the_river_bank,
          swamp_pool5
Swamp:4:  grunt_swamp_rune_castle, layout_basic_swamp,
          portal_ice_cave_entry_pillars_three
Snake:1:  layout_misc_corridors, serial_bayou_shore_a
Snake:2:  layout_layer_cave, nicolae_shop_gadgets, uniq_aizul
Snake:3:  layout_chambers, serial_shops, shop, basic_altar
Snake:4:  grunt_snake_rune_pools, layout_basic, serial_shops, shop,
          grunt_megastairs_5
Slime:1:  layout_caves
Slime:2:  layout_caves
Slime:3:  layout_caves, nicolae_slime_barrier
Slime:4:  cheibrodos_slime_lost_civilization_8, layout_caves
Slime:5:  slime_pit_nicolae_jellycorners
Orc:1:    dreamdust_dug_too_deep, layout_caves, serial_shops, shop,
          statue_in_the_mist_lemuel, elf_legates
Orc:2:    pf_orc_diabolical, layout_diamond_mine, serial_shops,
          nicolae_shop_rolling_square, basic_altar
Elf:1:    minmay_elf_arrival_circle, layout_rooms, minmay_elf_necromancy,
          minmay_misc_feat_diagonals, lemuel_flamethrower_1, minmay_shop_grove,
          uniq_agnes, uniq_azrael
Elf:2:    elven_hall_of_blades_hangedman_original
          [nicolae_blade_entry_floor_patterns], layout_geoelf_diagonals,
          uniq_asterion
Elf:3:    minmay_elf_hall_spiked, layout_geoelf_castle, serial_shops, shop,
          serial_sigils_hangedman_etch, uniq_roxanne
Vaults:1: mu_enter_wizlab_5, ontoclasm_vaults_claustrophobia, vaults_room_pools,
          hangedman_vaults_slice, nicolae_vaults_display_case,
          nicolae_vaults_taking_the_gang_shopping,
          nicolae_vaults_diagonal_hallway_6, nicolae_vaults_little_squares_5,
          nicolae_vaults_layer_cake_slice, nicolae_vaults_apartment_1,
          nicolae_vaults_storage_closets_3, layout_vaults_omnigrid,
          uniq_saint_roka
Vaults:2: nicolae_vaults_little_squares_5, ontoclasm_vaults_pinch,
          nicolae_vaults_little_squares_5, ontoclasm_vaults_twist,
          vaults_dpeg_diagonal, v_misc_23, nicolae_vaults_little_squares_4,
          v_pattern_3, ontoclasm_vaults_ring_small,
          nicolae_vaults_layer_cake_slice, layout_vaults_chaotic_city
Vaults:3: minmay_crypt_entry_necro_gods, hangedman_vaults_impose,
          ontoclasm_vaults_ring_large, nicolae_vaults_security_offices_6,
          vaults_room_pools, v_misc_5, vaults_dpeg_spiral,
          grunt_vaults_diagonal, nicolae_vaults_border_crossing,
          nicolae_vaults_frosty_reception, nicolae_vaults_closet_pinwheel_6,
          nicolae_vaults_surprise_closet, nicolae_vaults_trapezoid_4,
          nicolae_vaults_yaktaur_gun_rack, nicolae_vaults_tetromino_Z_2,
          nicolae_vaults_house_1, layout_vaults_omnicross, serial_shops,
          nicolae_shop_tiny_real_fake_doors
Vaults:4: nicolae_vaults_network_periphery, hangedman_vaults_nodes,
          v_alt_pattern_4, vaults_room_fours, nicolae_vaults_security_offices_2,
          v_pattern_4, nicolae_vaults_what_the_h, nicolae_vaults_big_ls,
          v_misc_22, v_alt_pattern_1, layout_vaults_ring
Vaults:5: serial_shops
Depths:1: layout_big_octagon, hellmouth_3, rand_demon_pan_entry_9,
          chequers_hall_statues_y, solitary_fountain,
          nicolae_shop_sticking_my_neck_out
Depths:2: minmay_mutant_horseshoe, layout_basic, doesnt_xom_only_xom,
          grunt_mini_vestibule, grunt_pan_entry_zigzag, firewood_loft,
          infiniplex_staircase_pool_2, uniq_nikola
Depths:3: minmay_skeletal_surprise, layout_cave_shapes, enter_ziggurat_c,
          kennysheep_minor_cross, hell_entry, abyss_entry,
          nicolae_nh_oracle_at_delphi, minmay_staircase_statues_hall_small,
          serial_bayou_shore_b, uniq_boris, uniq_parghit
Depths:4: evilmike_zot_entry_basic, layout_basic, pan_entry, hell_entry,
          abyss_entry_small_statue_room, serial_shops, shop,
          infiniplex_staircase_pool_lava, serial_bayou_shore_b,
          minmay_shoptagon, uniq_margery
Zot:1:    gammafunk_sealed_arena, layout_twisted_circle
Zot:2:    layout_concentric_octagons, hangedman_zot_gyre
Zot:3:    layout_misc_corridors, grunt_ministairs_8
Zot:4:    gammafunk_sealed_library, layout_cathedral_of_symmetry, nrook_zot_tub
Zot:5:    layout_basic, st_stairs_6

Notes
Turn   | Place    | Note
-------+----------+-------------------------------------------
     0 | D:1      | MackTheKnife the Vampire Wanderer began the quest for the
                  | Orb.
     0 | D:1      | MackTheKnife set off with the following items: a +0
                  | falchion {long}, a +0 cloak, a scroll of fear, a +0 robe;
                  | and the following spell memorised: Shock; and the following
                  | spells available to memorise: Poisonous Vapours, Airstrike.
     0 | D:1      | Reached XP level 1. HP: 16/16 MP: 2/2
     0 | D:1      | magus.rc [v1.9.6]
   133 | D:1      | Reached XP level 2. HP: 22/22 MP: 1/3
   773 | D:1      | Reached skill level 5 in Air Magic
   776 | D:1      | Learned a level 2 spell: Poisonous Vapours
   800 | D:1      | Gained mutation: You are afflicted with vampirism and can
                  | become a bat while bloodless. [Vampire growth]
   800 | D:1      | Reached XP level 3. HP: 25/27 MP: 0/4
  1158 | D:2      | Found the +8 trident of the Octopus King {venom, rElec
                  | rPois}
  1301 | D:2      | Reached skill level 1 in Polearms
  1712 | D:2      | Reached XP level 4. HP: 33/33 MP: 5/5
  1746 | D:2      | Reached skill level 2 in Polearms
  2293 | D:3      | Found a shimmering altar of Xom.
  2508 | D:3      | You add the spells Malign Gateway and Summon Horrible
                  | Things to your library.
  2752 | D:3      | Reached skill level 3 in Polearms
  2929 | D:3      | Noticed Jessica
  2933 | D:3      | Killed Jessica
  2934 | D:3      | Reached XP level 5. HP: 38/38 MP: 3/6
  3219 | D:3      | Noticed a water moccasin
  3307 | D:3      | Killed a water moccasin
  3308 | D:3      | Reached skill level 4 in Polearms
  3308 | D:3      | Reached XP level 6. HP: 40/44 MP: 2/7
  3403 | D:3      | Found a bloodstained altar of Trog.
  3491 | D:3      | Found an opulent altar of Gozag.
  4060 | D:4      | Reached skill level 5 in Polearms
  4547 | D:4      | You pick up a book of Touch and begin reading...
  4547 | D:4      | You add the spells Kiss of Death, Confusing Touch and
                  | Dispel Undead to your library.
  4781 | D:5      | Entered Level 5 of the Dungeon
  4810 | D:5      | Found an iron altar of Okawaru.
  4816 | D:5      | You pick up a book of Minor Magic and begin reading...
  4816 | D:5      | You add the spells Magic Dart, Call Imp and Mephitic Cloud
                  | to your library.
  4864 | D:5      | Became a worshipper of Warmaster Okawaru
  4892 | D:5      | Reached skill level 6 in Polearms
  4892 | D:5      | Reached XP level 7. HP: 49/49 MP: 5/8
  4989 | D:5      | You pick up a book of Debilitation and begin reading...
  4989 | D:5      | You add the spells Slow, Sigil of Binding and Vampiric
                  | Draining to your library.
  5028 | D:5      | You pick up a book of Beasts and begin reading...
  5078 | D:5      | Reached skill level 7 in Polearms
  5258 | D:5      | You pick up a book of Sloth and begin reading...
  5258 | D:5      | You add the spells Frozen Ramparts, Petrify and Metabolic
                  | Englaciation to your library.
  5417 | D:5      | Reached * piety under Okawaru
  5437 | D:5      | Identified the +5 chain mail of Mumblety Peg {-Cast Fly
                  | rF++ rN+}
  5459 | D:5      | Reached XP level 8. HP: 55/55 MP: 9/9
  5461 | D:5      | Reached skill level 8 in Polearms
  5461 | D:5      | Reached skill level 2 in Fighting
  5471 | D:5      | Reached skill level 3 in Fighting
  5479 | D:5      | Reached skill level 4 in Fighting
  5673 | D:5      | You pick up a book of Winter and begin reading...
  5998 | D:6      | Reached ** piety under Okawaru
  6032 | D:6      | Reached skill level 5 in Fighting
  6059 | D:6      | Noticed Grinder
  6251 | D:6      | Paralysed by Grinder for 4 turns
  6257 | D:6      | Aim: an orc wizard, wielding a +0 dagger and wearing a +0
                  | robe (about 33% to evade the +8 trident of the Octopus
                  | King)
  6257 | D:6      | Aim: an orc wizard, wielding a +0 dagger and wearing a +0
                  | robe (about 33% to evade the +8 trident of the Octopus
                  | King)
  6258 | D:6      | Aim: an orc wizard, wielding a +0 dagger and wearing a +0
                  | robe (translocational energy, about 33% to evade the +8
                  | trident of the Octopus King)
  6258 | D:6      | Aim: an orc wizard, wielding a +0 dagger and wearing a +0
                  | robe (translocational energy, about 33% to evade the +8
                  | trident of the Octopus King)
  6259 | D:6      | Aim: an orc wizard, wielding a +0 dagger and wearing a +0
                  | robe (translocational energy, about 33% to evade the +8
                  | trident of the Octopus King)
  6259 | D:6      | Aim: an orc wizard, wielding a +0 dagger and wearing a +0
                  | robe (translocational energy, about 33% to evade the +8
                  | trident of the Octopus King)
  6260 | D:6      | Aim: an orc wizard, wielding a +0 dagger and wearing a +0
                  | robe (about 33% to evade the +8 trident of the Octopus
                  | King)
  6260 | D:6      | Aim: an orc wizard, wielding a +0 dagger and wearing a +0
                  | robe (about 33% to evade the +8 trident of the Octopus
                  | King)
  6261 | D:6      | Aim: an orc wizard, wielding a +0 dagger and wearing a +0
                  | robe (heavily wounded, about 33% to evade the +8 trident of
                  | the Octopus King)
  6261 | D:6      | Aim: an orc wizard, wielding a +0 dagger and wearing a +0
                  | robe (heavily wounded, about 33% to evade the +8 trident of
                  | the Octopus King)
  6262 | D:6      | Aim: an orc wizard, wielding a +0 dagger and wearing a +0
                  | robe (heavily wounded, about 33% to evade the +8 trident of
                  | the Octopus King)
  6262 | D:6      | Aim: an orc wizard, wielding a +0 dagger and wearing a +0
                  | robe (heavily wounded, about 33% to evade the +8 trident of
                  | the Octopus King)
  6263 | D:6      | Reached skill level 6 in Fighting
  6265 | D:6      | Killed Grinder
  6266 | D:6      | Reached XP level 9. HP: 64/71 MP: 8/10
  6301 | D:6      | Reached skill level 7 in Fighting
  6312 | D:6      | Found a shimmering blue altar of Sif Muna.
  6384 | D:6      | Found a basalt altar of Yredelemnul.
  6732 | D:7      | Found a staircase to the Ecumenical Temple.
  6750 | D:7      | Reached *** piety under Okawaru
  6894 | D:7      | Found a flagged portal.
  6903 | Bailey   | Entered a bailey
  6908 | Bailey   | Noticed an orc warlord
  6963 | Bailey   | Reached skill level 8 in Fighting
  6988 | Bailey   | Found a runed translucent gate.
  6990 | Bailey   | Found a runed translucent gate.
  6992 | Bailey   | Acquired the amulet of the Eye-covered God {RegenMP rF+
                  | rCorr Str+2}
  7022 | Bailey   | Found a runed translucent gate.
  7160 | Bailey   | Reached skill level 9 in Polearms
  7220 | Bailey   | Aim: an orc warlord, wielding a +3 battleaxe and wearing a
                  | +0 chain mail (almost dead, very poisoned, about 22% to
                  | evade the +8 trident of the Octopus King)
  7220 | Bailey   | Aim: an orc warlord, wielding a +3 battleaxe and wearing a
                  | +0 chain mail (almost dead, very poisoned, about 22% to
                  | evade the +8 trident of the Octopus King)
  7221 | Bailey   | Aim: an orc warlord, wielding a +3 battleaxe and wearing a
                  | +0 chain mail (almost dead, extremely poisoned, about 22%
                  | to evade the +8 trident of the Octopus King)
  7221 | Bailey   | Aim: an orc warlord, wielding a +3 battleaxe and wearing a
                  | +0 chain mail (almost dead, extremely poisoned, about 22%
                  | to evade the +8 trident of the Octopus King)
  7222 | Bailey   | Aim: an orc warlord, wielding a +3 battleaxe and wearing a
                  | +0 chain mail (almost dead, extremely poisoned, about 22%
                  | to evade the +8 trident of the Octopus King)
  7222 | Bailey   | Aim: an orc warlord, wielding a +3 battleaxe and wearing a
                  | +0 chain mail (almost dead, extremely poisoned, about 22%
                  | to evade the +8 trident of the Octopus King)
  7222 | Bailey   | Killed an orc warlord
  7222 | Bailey   | Reached **** piety under Okawaru
  7223 | Bailey   | Reached skill level 10 in Polearms
  7250 | Bailey   | Identified the +4 glaive of Teliaq {drain, Dex+7 Stlth-}
  7263 | Bailey   | Acquired 646 gold pieces
  7463 | D:7      | You are sucked into a shaft and drop 3 floors!
  7463 | D:10     | Entered Level 10 of the Dungeon
  7531 | D:9      | Reached XP level 10. HP: 56/80 MP: 11/11
  7536 | D:9      | Reached skill level 1 in Armour
  7536 | D:9      | Reached skill level 2 in Dodging
  7545 | D:9      | Aim: a wight, wielding a +2 spear and wearing a +0 robe
                  | (about 26% to evade the +8 trident of the Octopus King)
  7545 | D:9      | Aim: a wight, wielding a +2 spear and wearing a +0 robe
                  | (about 26% to evade the +8 trident of the Octopus King)
  7546 | D:9      | Aim: a wight, wielding a +2 spear and wearing a +0 robe
                  | (lightly damaged, about 26% to evade the +8 trident of the
                  | Octopus King)
  7546 | D:9      | Aim: a wight, wielding a +2 spear and wearing a +0 robe
                  | (lightly damaged, about 26% to evade the +8 trident of the
                  | Octopus King)
  7547 | D:9      | Aim: a wight, wielding a +2 spear and wearing a +0 robe
                  | (lightly damaged, about 26% to evade the +8 trident of the
                  | Octopus King)
  7547 | D:9      | Aim: a wight, wielding a +2 spear and wearing a +0 robe
                  | (lightly damaged, about 26% to evade the +8 trident of the
                  | Octopus King)
  7548 | D:9      | Aim: a wight, wielding a +2 spear and wearing a +0 robe
                  | (lightly damaged, about 26% to evade the +8 trident of the
                  | Octopus King)
  7548 | D:9      | Aim: a wight, wielding a +2 spear and wearing a +0 robe
                  | (lightly damaged, about 26% to evade the +8 trident of the
                  | Octopus King)
  7549 | D:9      | Aim: a wight, wielding a +2 spear and wearing a +0 robe
                  | (heavily damaged, about 26% to evade the +8 trident of the
                  | Octopus King)
  7549 | D:9      | Aim: a wight, wielding a +2 spear and wearing a +0 robe
                  | (heavily damaged, about 26% to evade the +8 trident of the
                  | Octopus King)
  7550 | D:9      | Aim: a wight, wielding a +2 spear and wearing a +0 robe
                  | (heavily damaged, about 26% to evade the +8 trident of the
                  | Octopus King)
  7550 | D:9      | Aim: a wight, wielding a +2 spear and wearing a +0 robe
                  | (heavily damaged, about 26% to evade the +8 trident of the
                  | Octopus King)
  7551 | D:9      | Aim: a wight, wielding a +2 spear and wearing a +0 robe
                  | (heavily damaged, about 26% to evade the +8 trident of the
                  | Octopus King)
  7551 | D:9      | Aim: a wight, wielding a +2 spear and wearing a +0 robe
                  | (heavily damaged, about 26% to evade the +8 trident of the
                  | Octopus King)
  7773 | D:9      | Reached skill level 2 in Armour
  7773 | D:9      | Reached skill level 3 in Dodging
  8312 | D:8      | Reached skill level 3 in Armour
  8312 | D:8      | Reached skill level 4 in Dodging
  8349 | D:8      | Found a blossoming altar of Fedhas.
  8420 | D:8      | Aim: an orc warrior, wielding a +0 trident and wearing a +0
                  | chain mail (heavily wounded, about 28% to evade the +8
                  | trident of the Octopus King)
  8420 | D:8      | Aim: an orc warrior, wielding a +0 trident and wearing a +0
                  | chain mail (heavily wounded, about 28% to evade the +8
                  | trident of the Octopus King)
  8421 | D:8      | Aim: an orc warrior, wielding a +0 trident and wearing a +0
                  | chain mail (heavily wounded, about 28% to evade the +8
                  | trident of the Octopus King)
  8421 | D:8      | Aim: an orc warrior, wielding a +0 trident and wearing a +0
                  | chain mail (heavily wounded, about 28% to evade the +8
                  | trident of the Octopus King)
  8422 | D:8      | Aim: an orc warrior, wielding a +0 trident and wearing a +0
                  | chain mail (almost dead, very poisoned, about 28% to evade
                  | the +8 trident of the Octopus King)
  8422 | D:8      | Aim: an orc warrior, wielding a +0 trident and wearing a +0
                  | chain mail (almost dead, very poisoned, about 28% to evade
                  | the +8 trident of the Octopus King)
  8423 | D:8      | Aim: an orc wizard, wielding a +0 dagger and wearing a +0
                  | robe (heavily wounded, very poisoned, about 31% to evade
                  | the +8 trident of the Octopus King)
  8423 | D:8      | Aim: an orc wizard, wielding a +0 dagger and wearing a +0
                  | robe (heavily wounded, very poisoned, about 31% to evade
                  | the +8 trident of the Octopus King)
  8424 | D:8      | Aim: an orc wizard, wielding a +0 dagger and wearing a +0
                  | robe (heavily wounded, very poisoned, about 31% to evade
                  | the +8 trident of the Octopus King)
  8424 | D:8      | Aim: an orc wizard, wielding a +0 dagger and wearing a +0
                  | robe (heavily wounded, very poisoned, about 31% to evade
                  | the +8 trident of the Octopus King)
  8425 | D:8      | Aim: an orc wizard, wielding a +0 dagger and wearing a +0
                  | robe (heavily wounded, very poisoned, about 31% to evade
                  | the +8 trident of the Octopus King)
  8425 | D:8      | Aim: an orc wizard, wielding a +0 dagger and wearing a +0
                  | robe (heavily wounded, very poisoned, about 31% to evade
                  | the +8 trident of the Octopus King)
  8426 | D:8      | Aim: an orc wizard, wielding a +0 dagger and wearing a +0
                  | robe (almost dead, extremely poisoned, about 31% to evade
                  | the +8 trident of the Octopus King)
  8426 | D:8      | Aim: an orc wizard, wielding a +0 dagger and wearing a +0
                  | robe (almost dead, extremely poisoned, about 31% to evade
                  | the +8 trident of the Octopus King)
  8427 | D:8      | Aim: an orc wizard, wielding a +0 dagger and wearing a +0
                  | robe (slightly transparent, about 31% to evade the +8
                  | trident of the Octopus King)
  8427 | D:8      | Aim: an orc wizard, wielding a +0 dagger and wearing a +0
                  | robe (slightly transparent, about 31% to evade the +8
                  | trident of the Octopus King)
  8428 | D:8      | Aim: an orc wizard, wielding a +0 dagger and wearing a +0
                  | robe (moderately wounded, slightly transparent, very
                  | poisoned, about 31% to evade the +8 trident of the Octopus
                  | King)
  8428 | D:8      | Aim: an orc wizard, wielding a +0 dagger and wearing a +0
                  | robe (moderately wounded, slightly transparent, very
                  | poisoned, about 31% to evade the +8 trident of the Octopus
                  | King)
  8429 | D:8      | Aim: an orc wizard, wielding a +0 dagger and wearing a +0
                  | robe (heavily wounded, slightly transparent, very poisoned,
                  | about 31% to evade the +8 trident of the Octopus King)
  8429 | D:8      | Aim: an orc wizard, wielding a +0 dagger and wearing a +0
                  | robe (heavily wounded, slightly transparent, very poisoned,
                  | about 31% to evade the +8 trident of the Octopus King)
  8430 | D:8      | Aim: an orc wizard, wielding a +0 dagger and wearing a +0
                  | robe (severely wounded, slightly transparent, very
                  | poisoned, about 31% to evade the +8 trident of the Octopus
                  | King)
  8430 | D:8      | Aim: an orc wizard, wielding a +0 dagger and wearing a +0
                  | robe (severely wounded, slightly transparent, very
                  | poisoned, about 31% to evade the +8 trident of the Octopus
                  | King)
  8431 | D:8      | Aim: an orc wizard, wielding a +0 dagger and wearing a +0
                  | robe (severely wounded, slightly transparent, very
                  | poisoned, about 31% to evade the +8 trident of the Octopus
                  | King)
  8431 | D:8      | Aim: an orc wizard, wielding a +0 dagger and wearing a +0
                  | robe (severely wounded, slightly transparent, very
                  | poisoned, about 31% to evade the +8 trident of the Octopus
                  | King)
  8432 | D:8      | Aim: an orc wizard, wielding a +0 dagger and wearing a +0
                  | robe (severely wounded, slightly transparent, extremely
                  | poisoned, about 31% to evade the +8 trident of the Octopus
                  | King)
  8432 | D:8      | Aim: an orc wizard, wielding a +0 dagger and wearing a +0
                  | robe (severely wounded, slightly transparent, extremely
                  | poisoned, about 31% to evade the +8 trident of the Octopus
                  | King)
  8432 | D:8      | Reached ***** piety under Okawaru
  8433 | D:8      | Aim: an orc priest, wielding a +0 short sword (about 26% to
                  | evade the +8 trident of the Octopus King)
  8433 | D:8      | Aim: an orc priest, wielding a +0 short sword (about 26% to
                  | evade the +8 trident of the Octopus King)
  8604 | D:8      | Reached skill level 4 in Armour
  8604 | D:8      | Reached skill level 1 in Shields
  8612 | D:8      | Reached skill level 2 in Shields
  8621 | D:8      | Identified the +7 bardiche of Biubbeir {protect, rElec rC+}
                  | (Okawaru gifted it to you on level 8 of the Dungeon)
  8621 | D:8      | Received a gift from Okawaru
  8622 | D:8      | Reached skill level 3 in Shields
  8781 | D:8      | Reached skill level 4 in Shields
  8994 | D:8      | Aim: a wight, wielding a +4 halberd and wearing a +0 robe
                  | (about 26% to evade the +8 trident of the Octopus King)
  8994 | D:8      | Aim: a wight, wielding a +4 halberd and wearing a +0 robe
                  | (about 26% to evade the +8 trident of the Octopus King)
  8995 | D:8      | Aim: a wight, wielding a +4 halberd and wearing a +0 robe
                  | (about 26% to evade the +8 trident of the Octopus King)
  8995 | D:8      | Aim: a wight, wielding a +4 halberd and wearing a +0 robe
                  | (about 26% to evade the +8 trident of the Octopus King)
  8996 | D:8      | Aim: a wight, wielding a +4 halberd and wearing a +0 robe
                  | (heavily damaged, about 26% to evade the +8 trident of the
                  | Octopus King)
  8996 | D:8      | Aim: a wight, wielding a +4 halberd and wearing a +0 robe
                  | (heavily damaged, about 26% to evade the +8 trident of the
                  | Octopus King)
  8997 | D:8      | Aim: a wight, wielding a +4 halberd and wearing a +0 robe
                  | (heavily damaged, about 26% to evade the +8 trident of the
                  | Octopus King)
  8997 | D:8      | Aim: a wight, wielding a +4 halberd and wearing a +0 robe
                  | (heavily damaged, about 26% to evade the +8 trident of the
                  | Octopus King)
  8998 | D:8      | Aim: a wight, wielding a +4 halberd and wearing a +0 robe
                  | (heavily damaged, about 26% to evade the +8 trident of the
                  | Octopus King)
  8998 | D:8      | Aim: a wight, wielding a +4 halberd and wearing a +0 robe
                  | (heavily damaged, about 26% to evade the +8 trident of the
                  | Octopus King)
  9083 | D:8      | Reached skill level 5 in Shields
  9242 | D:8      | Found a staircase to the Lair.
  9436 | D:9      | Found a sparkling altar of Nemelex Xobeh.
  9502 | D:9      | Found a staircase to the Orcish Mines.
  9573 | D:9      | Noticed a necromancer
  9617 | D:9      | Aim: a necromancer, wielding a +0 dagger and wearing a +0
                  | robe (lightly wounded, about 33% to evade the +8 trident of
                  | the Octopus King)
  9617 | D:9      | Aim: a necromancer, wielding a +0 dagger and wearing a +0
                  | robe (lightly wounded, about 33% to evade the +8 trident of
                  | the Octopus King)
  9618 | D:9      | Aim: a necromancer, wielding a +0 dagger and wearing a +0
                  | robe (moderately wounded, about 33% to evade the +8 trident
                  | of the Octopus King)
  9618 | D:9      | Aim: a necromancer, wielding a +0 dagger and wearing a +0
                  | robe (moderately wounded, about 33% to evade the +8 trident
                  | of the Octopus King)
  9619 | D:9      | Aim: a necromancer, wielding a +0 dagger and wearing a +0
                  | robe (moderately wounded, about 33% to evade the +8 trident
                  | of the Octopus King)
  9619 | D:9      | Aim: a necromancer, wielding a +0 dagger and wearing a +0
                  | robe (moderately wounded, about 33% to evade the +8 trident
                  | of the Octopus King)
  9620 | D:9      | Aim: a necromancer, wielding a +0 dagger and wearing a +0
                  | robe (moderately wounded, about 33% to evade the +8 trident
                  | of the Octopus King)
  9620 | D:9      | Aim: a necromancer, wielding a +0 dagger and wearing a +0
                  | robe (moderately wounded, about 33% to evade the +8 trident
                  | of the Octopus King)
  9621 | D:9      | Aim: a necromancer, wielding a +0 dagger and wearing a +0
                  | robe (heavily wounded, very poisoned, about 33% to evade
                  | the +8 trident of the Octopus King)
  9621 | D:9      | Aim: a necromancer, wielding a +0 dagger and wearing a +0
                  | robe (heavily wounded, very poisoned, about 33% to evade
                  | the +8 trident of the Octopus King)
  9622 | D:9      | Aim: a necromancer, wielding a +0 dagger and wearing a +0
                  | robe (severely wounded, very poisoned, about 33% to evade
                  | the +8 trident of the Octopus King)
  9622 | D:9      | Aim: a necromancer, wielding a +0 dagger and wearing a +0
                  | robe (severely wounded, very poisoned, about 33% to evade
                  | the +8 trident of the Octopus King)
  9623 | D:9      | Aim: a necromancer, wielding a +0 dagger and wearing a +0
                  | robe (severely wounded, very poisoned, about 33% to evade
                  | the +8 trident of the Octopus King)
  9623 | D:9      | Aim: a necromancer, wielding a +0 dagger and wearing a +0
                  | robe (severely wounded, very poisoned, about 33% to evade
                  | the +8 trident of the Octopus King)
  9623 | D:9      | Killed a necromancer
  9624 | D:9      | Reached skill level 6 in Shields
  9624 | D:9      | Reached XP level 11. HP: 64/86 MP: 12/12
 10607 | Lair:1   | Entered Level 1 of the Lair of Beasts
 10631 | Lair:1   | Received a gift from Okawaru
 10632 | Lair:1   | Reached skill level 1 in Invocations
 10684 | Lair:1   | Reached skill level 2 in Invocations
 10689 | Lair:1   | HP: 13/86 [wyvern (14)]
 10851 | Lair:1   | Reached skill level 3 in Invocations
 10902 | Lair:1   | Reached skill level 4 in Invocations
 10953 | Lair:1   | Noticed Gastronok
 11068 | Lair:1   | Killed Gastronok
 11068 | Lair:1   | Identified the +0 robe of Contentment {Fly rPois rF- SInv}
                  | (Okawaru gifted it to you on level 1 of the Lair of Beasts)
 11068 | Lair:1   | Received a gift from Okawaru
 11069 | Lair:1   | Reached skill level 5 in Invocations
 11272 | Lair:1   | Reached skill level 6 in Invocations
 11272 | Lair:1   | Reached skill level 1 in Evocations
 11364 | Lair:2   | Noticed a seven-headed hydra
 11432 | Lair:2   | Reached skill level 2 in Evocations
 11455 | Lair:2   | Noticed a five-headed hydra
 11467 | Lair:2   | Noticed a bog body
 11474 | Lair:2   | Killed a five-headed hydra
 11475 | Lair:2   | Reached skill level 3 in Evocations
 11479 | Lair:2   | HP: 21/86 [bog body (8)]
 11483 | Lair:2   | Killed a bog body
 11484 | Lair:2   | Reached skill level 4 in Evocations
 11648 | Lair:2   | Reached skill level 5 in Evocations
 11820 | Lair:2   | HP: 17/86 [cane toad (11)]
 11830 | Lair:2   | Reached XP level 12. HP: 26/92 MP: 16/16
 11980 | Lair:2   | Noticed a catoblepas
 11993 | Lair:2   | Killed a catoblepas
 11994 | Lair:2   | Reached skill level 7 in Shields
 12066 | Lair:2   | Reached skill level 11 in Polearms
 12169 | Lair:2   | Found a runed translucent gate.
 12169 | Lair:2   | Found a runed translucent gate.
 12169 | Lair:2   | Found a runed translucent gate.
 12172 | Lair:2   | Noticed Samael12321's ghost (journeyman SpCj)
 12214 | Lair:2   | HP: 19/92 [seven-headed hydra (5)]
 12216 | Lair:2   | Killed a seven-headed hydra
 12600 | Lair:2   | Found a staircase to the Swamp.
 12788 | Lair:2   | Found a viscous altar of Jiyva.
 12822 | Lair:3   | Reached skill level 8 in Shields
 12825 | Lair:3   | Received a gift from Okawaru
 12928 | Lair:3   | Noticed a catoblepas
 13070 | Lair:3   | Noticed Nessos
 13074 | Lair:3   | Aim: Nessos, wielding a +2 longbow of flaming and wearing a
                  | +0 barding (lightly wounded, fast, about 19% to evade the
                  | +8 trident of the Octopus King)
 13074 | Lair:3   | Aim: Nessos, wielding a +2 longbow of flaming and wearing a
                  | +0 barding (lightly wounded, fast, about 19% to evade the
                  | +8 trident of the Octopus King)
 13075 | Lair:3   | Aim: Nessos, wielding a +2 longbow of flaming and wearing a
                  | +0 barding (lightly wounded, fast, about 19% to evade the
                  | +8 trident of the Octopus King)
 13075 | Lair:3   | Aim: Nessos, wielding a +2 longbow of flaming and wearing a
                  | +0 barding (lightly wounded, fast, about 19% to evade the
                  | +8 trident of the Octopus King)
 13084 | Lair:3   | Killed Nessos
 13230 | Lair:3   | Found a staircase to the Snake Pit.
 13246 | Lair:3   | Aim: a naga, wielding a +0 trident and wearing a +0 robe
                  | (moderately wounded, very poisoned, catching its breath,
                  | about 26% to evade the +8 trident of the Octopus King)
 13246 | Lair:3   | Aim: a naga, wielding a +0 trident and wearing a +0 robe
                  | (moderately wounded, very poisoned, catching its breath,
                  | about 26% to evade the +8 trident of the Octopus King)
 13247 | Lair:3   | Aim: a naga, wielding a +0 trident and wearing a +0 robe
                  | (moderately wounded, very poisoned, catching its breath,
                  | about 26% to evade the +8 trident of the Octopus King)
 13247 | Lair:3   | Aim: a naga, wielding a +0 trident and wearing a +0 robe
                  | (moderately wounded, very poisoned, catching its breath,
                  | about 26% to evade the +8 trident of the Octopus King)
 13248 | Lair:3   | Aim: a naga, wielding a +0 trident and wearing a +0 robe
                  | (moderately wounded, very poisoned, about 26% to evade the
                  | +8 trident of the Octopus King)
 13248 | Lair:3   | Aim: a naga, wielding a +0 trident and wearing a +0 robe
                  | (moderately wounded, very poisoned, about 26% to evade the
                  | +8 trident of the Octopus King)
 13249 | Lair:3   | Aim: a naga, wielding a +0 trident and wearing a +0 robe
                  | (moderately wounded, poisoned, about 26% to evade the +8
                  | trident of the Octopus King)
 13249 | Lair:3   | Aim: a naga, wielding a +0 trident and wearing a +0 robe
                  | (moderately wounded, poisoned, about 26% to evade the +8
                  | trident of the Octopus King)
 13249 | Lair:3   | Aim: a naga, wielding a +0 trident and wearing a +0 robe
                  | (moderately wounded, poisoned, about 26% to evade the +8
                  | trident of the Octopus King)
 13249 | Lair:3   | Aim: a naga, wielding a +0 trident and wearing a +0 robe
                  | (moderately wounded, poisoned, about 26% to evade the +8
                  | trident of the Octopus King)
 13249 | Lair:3   | Aim: a naga, wielding a +0 trident and wearing a +0 robe
                  | (moderately wounded, poisoned, about 26% to evade the +8
                  | trident of the Octopus King)
 13249 | Lair:3   | Aim: a naga, wielding a +0 trident and wearing a +0 robe
                  | (moderately wounded, poisoned, about 26% to evade the +8
                  | trident of the Octopus King)
 13250 | Lair:3   | Aim: a naga, wielding a +0 trident and wearing a +0 robe
                  | (heavily wounded, poisoned, catching its breath, about 26%
                  | to evade the +8 trident of the Octopus King)
 13250 | Lair:3   | Aim: a naga, wielding a +0 trident and wearing a +0 robe
                  | (heavily wounded, poisoned, catching its breath, about 26%
                  | to evade the +8 trident of the Octopus King)
 13251 | Lair:3   | Aim: a naga, wielding a +0 trident and wearing a +0 robe
                  | (severely wounded, very poisoned, catching its breath,
                  | about 26% to evade the +8 trident of the Octopus King)
 13251 | Lair:3   | Aim: a naga, wielding a +0 trident and wearing a +0 robe
                  | (severely wounded, very poisoned, catching its breath,
                  | about 26% to evade the +8 trident of the Octopus King)
 13252 | Lair:3   | Aim: a naga, wielding a +0 trident and wearing a +0 robe
                  | (almost dead, very poisoned, catching its breath, about 26%
                  | to evade the +8 trident of the Octopus King)
 13252 | Lair:3   | Aim: a naga, wielding a +0 trident and wearing a +0 robe
                  | (almost dead, very poisoned, catching its breath, about 26%
                  | to evade the +8 trident of the Octopus King)
 13428 | Lair:3   | Reached skill level 12 in Polearms
 13516 | Lair:3   | Found a runed translucent gate.
 13516 | Lair:3   | Found a runed translucent gate.
 13517 | Lair:3   | Found a runed translucent gate.
 13517 | Lair:3   | Noticed Eqamn's ghost (journeyman DrCj)
 13585 | Lair:3   | Killed Eqamn's ghost
 13586 | Lair:3   | Reached skill level 9 in Shields
 13587 | Lair:3   | Identified the +2 pair of gloves of Toaw {rN+ Int+2}
 13886 | Lair:3   | Killed a catoblepas
 14404 | Lair:3   | Identified the +9 trident of the Visionary {freeze, rC+
                  | Will+ Str+4 Int+5} (Okawaru gifted it to you on level 3 of
                  | the Lair of Beasts)
 14404 | Lair:3   | Received a gift from Okawaru
 14541 | Lair:4   | Reached XP level 13. HP: 88/98 MP: 17/17
 14553 | Lair:4   | Reached ****** piety under Okawaru
 14779 | Lair:4   | Reached skill level 10 in Shields
 14887 | Lair:4   | Reached skill level 13 in Polearms
 15039 | Lair:4   | Found a staircase to the Slime Pits.
 15224 | Lair:4   | Found a viscous altar of Jiyva.
 15390 | Lair:4   | You are sucked into a shaft and drop 1 floor!
 15390 | Lair:5   | Entered Level 5 of the Lair of Beasts
 15402 | Lair:4   | HP: 24/98 [poisoned by a black mamba]
 15407 | Lair:4   | HP: 15/98 [poisoned by a black mamba]
 15932 | Lair:5   | Received a gift from Okawaru
 16317 | Lair:5   | Reached skill level 11 in Shields
 16551 | Lair:5   | HP: 23/98 [poisoned by a cane toad]
 16554 | Lair:5   | Gained mutation: You have a pair of small horns on your
                  | head. [potion of mutation]
 16694 | Lair:5   | Reached skill level 14 in Polearms
 16922 | Lair:5   | Paralysed by a hornet for 1 turns
 16924 | Lair:5   | Reached skill level 12 in Shields
 17320 | Lair:5   | Reached XP level 14. HP: 106/106 MP: 18/18
 17433 | Lair:5   | Reached skill level 9 in Fighting
 17963 | Orc:1    | Entered Level 1 of the Orcish Mines
 18026 | Orc:1    | Noticed an orc warlord
 18026 | Orc:1    | Noticed an orc warlord
 18186 | Orc:1    | Aim: an orc warlord, wielding a +0 great mace and wearing a
                  | +1 plate armour of poison resistance (poison gas, about 18%
                  | to evade the +8 trident of the Octopus King)
 18186 | Orc:1    | Aim: an orc warlord, wielding a +0 great mace and wearing a
                  | +1 plate armour of poison resistance (poison gas, about 18%
                  | to evade the +8 trident of the Octopus King)
 18187 | Orc:1    | Aim: an orc warlord, wielding a +0 great mace and wearing a
                  | +1 plate armour of poison resistance (poison gas, lightly
                  | wounded, about 18% to evade the +8 trident of the Octopus
                  | King)
 18187 | Orc:1    | Aim: an orc warlord, wielding a +0 great mace and wearing a
                  | +1 plate armour of poison resistance (poison gas, lightly
                  | wounded, about 18% to evade the +8 trident of the Octopus
                  | King)
 18189 | Orc:1    | Aim: an orc warlord, wielding a +0 great mace and wearing a
                  | +1 plate armour of poison resistance (poison gas, lightly
                  | wounded, about 17% to evade the +8 trident of the Octopus
                  | King)
 18189 | Orc:1    | Aim: an orc warlord, wielding a +0 great mace and wearing a
                  | +1 plate armour of poison resistance (poison gas, lightly
                  | wounded, about 17% to evade the +8 trident of the Octopus
                  | King)
 18190 | Orc:1    | Aim: an orc warlord, wielding a +0 great mace and wearing a
                  | +1 plate armour of poison resistance (poison gas,
                  | moderately wounded, very poisoned, about 17% to evade the
                  | +8 trident of the Octopus King)
 18190 | Orc:1    | Aim: an orc warlord, wielding a +0 great mace and wearing a
                  | +1 plate armour of poison resistance (poison gas,
                  | moderately wounded, very poisoned, about 17% to evade the
                  | +8 trident of the Octopus King)
 18191 | Orc:1    | Aim: an orc warlord, wielding a +0 great mace and wearing a
                  | +1 plate armour of poison resistance (poison gas,
                  | moderately wounded, extremely poisoned, about 17% to evade
                  | the +8 trident of the Octopus King)
 18191 | Orc:1    | Aim: an orc warlord, wielding a +0 great mace and wearing a
                  | +1 plate armour of poison resistance (poison gas,
                  | moderately wounded, extremely poisoned, about 17% to evade
                  | the +8 trident of the Octopus King)
 18192 | Orc:1    | Aim: an orc warlord, wielding a +0 great mace and wearing a
                  | +1 plate armour of poison resistance (poison gas,
                  | moderately wounded, extremely poisoned, about 17% to evade
                  | the +8 trident of the Octopus King)
 18192 | Orc:1    | Aim: an orc warlord, wielding a +0 great mace and wearing a
                  | +1 plate armour of poison resistance (poison gas,
                  | moderately wounded, extremely poisoned, about 17% to evade
                  | the +8 trident of the Octopus King)
 18193 | Orc:1    | Aim: an orc warlord, wielding a +0 great mace and wearing a
                  | +1 plate armour of poison resistance (poison gas, heavily
                  | wounded, extremely poisoned, about 17% to evade the +8
                  | trident of the Octopus King)
 18193 | Orc:1    | Aim: an orc warlord, wielding a +0 great mace and wearing a
                  | +1 plate armour of poison resistance (poison gas, heavily
                  | wounded, extremely poisoned, about 17% to evade the +8
                  | trident of the Octopus King)
 18194 | Orc:1    | Aim: an orc warlord, wielding a +0 great mace and wearing a
                  | +1 plate armour of poison resistance (poison gas, heavily
                  | wounded, extremely poisoned, about 17% to evade the +8
                  | trident of the Octopus King)
 18194 | Orc:1    | Aim: an orc warlord, wielding a +0 great mace and wearing a
                  | +1 plate armour of poison resistance (poison gas, heavily
                  | wounded, extremely poisoned, about 17% to evade the +8
                  | trident of the Octopus King)
 18195 | Orc:1    | Aim: an orc warlord, wielding a +0 great mace and wearing a
                  | +1 plate armour of poison resistance (poison gas, heavily
                  | wounded, extremely poisoned, about 17% to evade the +8
                  | trident of the Octopus King)
 18195 | Orc:1    | Aim: an orc warlord, wielding a +0 great mace and wearing a
                  | +1 plate armour of poison resistance (poison gas, heavily
                  | wounded, extremely poisoned, about 17% to evade the +8
                  | trident of the Octopus King)
 18198 | D:9      | Aim: an orc warlord, wielding a +0 great mace and wearing a
                  | +1 plate armour of poison resistance (heavily wounded,
                  | extremely poisoned, about 17% to evade the +8 trident of
                  | the Octopus King)
 18198 | D:9      | Aim: an orc warlord, wielding a +0 great mace and wearing a
                  | +1 plate armour of poison resistance (heavily wounded,
                  | extremely poisoned, about 17% to evade the +8 trident of
                  | the Octopus King)
 18199 | D:9      | Aim: an orc warlord, wielding a +0 great mace and wearing a
                  | +1 plate armour of poison resistance (severely wounded,
                  | extremely poisoned, about 17% to evade the +8 trident of
                  | the Octopus King)
 18199 | D:9      | Aim: an orc warlord, wielding a +0 great mace and wearing a
                  | +1 plate armour of poison resistance (severely wounded,
                  | extremely poisoned, about 17% to evade the +8 trident of
                  | the Octopus King)
 18200 | D:9      | Aim: an orc warlord, wielding a +0 great mace and wearing a
                  | +1 plate armour of poison resistance (almost dead,
                  | extremely poisoned, about 17% to evade the +8 trident of
                  | the Octopus King)
 18200 | D:9      | Aim: an orc warlord, wielding a +0 great mace and wearing a
                  | +1 plate armour of poison resistance (almost dead,
                  | extremely poisoned, about 17% to evade the +8 trident of
                  | the Octopus King)
 18201 | D:9      | Aim: an orc warlord, wielding a +0 great mace and wearing a
                  | +1 plate armour of poison resistance (almost dead,
                  | extremely poisoned, about 17% to evade the +8 trident of
                  | the Octopus King)
 18201 | D:9      | Aim: an orc warlord, wielding a +0 great mace and wearing a
                  | +1 plate armour of poison resistance (almost dead,
                  | extremely poisoned, about 17% to evade the +8 trident of
                  | the Octopus King)
 18202 | D:9      | Aim: an orc warlord, wielding a +0 great mace and wearing a
                  | +1 plate armour of poison resistance (almost dead,
                  | extremely poisoned, about 17% to evade the +8 trident of
                  | the Octopus King)
 18202 | D:9      | Aim: an orc warlord, wielding a +0 great mace and wearing a
                  | +1 plate armour of poison resistance (almost dead,
                  | extremely poisoned, about 17% to evade the +8 trident of
                  | the Octopus King)
 18203 | D:9      | Aim: an orc warlord, wielding a +0 great mace and wearing a
                  | +1 plate armour of poison resistance (almost dead,
                  | extremely poisoned, about 17% to evade the +8 trident of
                  | the Octopus King)
 18203 | D:9      | Aim: an orc warlord, wielding a +0 great mace and wearing a
                  | +1 plate armour of poison resistance (almost dead,
                  | extremely poisoned, about 17% to evade the +8 trident of
                  | the Octopus King)
 18204 | D:9      | Aim: an orc warlord, wielding a +0 great mace and wearing a
                  | +1 plate armour of poison resistance (almost dead,
                  | extremely poisoned, about 17% to evade the +8 trident of
                  | the Octopus King)
 18204 | D:9      | Aim: an orc warlord, wielding a +0 great mace and wearing a
                  | +1 plate armour of poison resistance (almost dead,
                  | extremely poisoned, about 17% to evade the +8 trident of
                  | the Octopus King)
 18204 | D:9      | Killed an orc warlord
 18438 | D:9      | Killed an orc warlord
 18439 | D:9      | Reached skill level 10 in Fighting
 18817 | Orc:2    | Entered Level 2 of the Orcish Mines
 18890 | Orc:2    | Found a staircase to the Elven Halls.
 19053 | Orc:2    | Aim: an orc warrior, wielding a +0 halberd and wearing a +0
                  | chain mail (moderately wounded, very poisoned, about 27% to
                  | evade the +8 trident of the Octopus King)
 19053 | Orc:2    | Aim: an orc warrior, wielding a +0 halberd and wearing a +0
                  | chain mail (moderately wounded, very poisoned, about 27% to
                  | evade the +8 trident of the Octopus King)
 19054 | Orc:2    | Aim: an orc warrior, wielding a +0 halberd and wearing a +0
                  | chain mail (heavily wounded, extremely poisoned, about 27%
                  | to evade the +8 trident of the Octopus King)
 19054 | Orc:2    | Aim: an orc warrior, wielding a +0 halberd and wearing a +0
                  | chain mail (heavily wounded, extremely poisoned, about 27%
                  | to evade the +8 trident of the Octopus King)
 19055 | Orc:2    | Aim: an orc warrior, wielding a +0 halberd and wearing a +0
                  | chain mail (severely wounded, extremely poisoned, about 27%
                  | to evade the +8 trident of the Octopus King)
 19055 | Orc:2    | Aim: an orc warrior, wielding a +0 halberd and wearing a +0
                  | chain mail (severely wounded, extremely poisoned, about 27%
                  | to evade the +8 trident of the Octopus King)
 19056 | Orc:2    | Aim: an orc priest, wielding a +0 short sword (about 25% to
                  | evade the +8 trident of the Octopus King)
 19056 | Orc:2    | Aim: an orc priest, wielding a +0 short sword (about 25% to
                  | evade the +8 trident of the Octopus King)
 19057 | Orc:2    | Aim: an orc priest, wielding a +0 short sword (moderately
                  | wounded, very poisoned, about 25% to evade the +8 trident
                  | of the Octopus King)
 19057 | Orc:2    | Aim: an orc priest, wielding a +0 short sword (moderately
                  | wounded, very poisoned, about 25% to evade the +8 trident
                  | of the Octopus King)
 19058 | Orc:2    | Aim: an orc, wielding a +0 mace and wearing a +0 ring mail
                  | (about 22% to evade the +8 trident of the Octopus King)
 19058 | Orc:2    | Aim: an orc, wielding a +0 mace and wearing a +0 ring mail
                  | (about 22% to evade the +8 trident of the Octopus King)
 19237 | Orc:2    | Identified the +3 chain mail of the Endless Teeth {rCorr}
                  | (Okawaru gifted it to you on level 2 of the Orcish Mines)
 19237 | Orc:2    | Received a gift from Okawaru
 19409 | Orc:2    | Reached skill level 11 in Fighting
 19580 | Orc:1    | Found Queryot's Jewellery Emporium.
 19592 | Orc:1    | Aim: an orc warrior, wielding a +0 battleaxe and wearing a
                  | +0 plate armour (moderately wounded, strong, very poisoned,
                  | about 22% to evade the +8 trident of the Octopus King)
 19592 | Orc:1    | Aim: an orc warrior, wielding a +0 battleaxe and wearing a
                  | +0 plate armour (moderately wounded, strong, very poisoned,
                  | about 22% to evade the +8 trident of the Octopus King)
 19593 | Orc:1    | Aim: an orc warrior, wielding a +0 battleaxe and wearing a
                  | +0 plate armour (severely wounded, strong, extremely
                  | poisoned, about 22% to evade the +8 trident of the Octopus
                  | King)
 19593 | Orc:1    | Aim: an orc warrior, wielding a +0 battleaxe and wearing a
                  | +0 plate armour (severely wounded, strong, extremely
                  | poisoned, about 22% to evade the +8 trident of the Octopus
                  | King)
 19594 | Orc:1    | Aim: an orc knight, wielding a +0 great sword and wearing a
                  | +0 plate armour (about 22% to evade the +8 trident of the
                  | Octopus King)
 19594 | Orc:1    | Aim: an orc knight, wielding a +0 great sword and wearing a
                  | +0 plate armour (about 22% to evade the +8 trident of the
                  | Octopus King)
 19595 | Orc:1    | Aim: an orc knight, wielding a +0 great sword and wearing a
                  | +0 plate armour (lightly wounded, very poisoned, about 22%
                  | to evade the +8 trident of the Octopus King)
 19595 | Orc:1    | Aim: an orc knight, wielding a +0 great sword and wearing a
                  | +0 plate armour (lightly wounded, very poisoned, about 22%
                  | to evade the +8 trident of the Octopus King)
 19596 | Orc:1    | Aim: an orc knight, wielding a +0 great sword and wearing a
                  | +0 plate armour (lightly wounded, very poisoned, about 22%
                  | to evade the +8 trident of the Octopus King)
 19596 | Orc:1    | Aim: an orc knight, wielding a +0 great sword and wearing a
                  | +0 plate armour (lightly wounded, very poisoned, about 22%
                  | to evade the +8 trident of the Octopus King)
 19597 | Orc:1    | Aim: an orc knight, wielding a +0 great sword and wearing a
                  | +0 plate armour (moderately wounded, very poisoned, about
                  | 22% to evade the +8 trident of the Octopus King)
 19597 | Orc:1    | Aim: an orc knight, wielding a +0 great sword and wearing a
                  | +0 plate armour (moderately wounded, very poisoned, about
                  | 22% to evade the +8 trident of the Octopus King)
 19598 | Orc:1    | Aim: an orc knight, wielding a +0 great sword and wearing a
                  | +0 plate armour (moderately wounded, extremely poisoned,
                  | about 22% to evade the +8 trident of the Octopus King)
 19598 | Orc:1    | Aim: an orc knight, wielding a +0 great sword and wearing a
                  | +0 plate armour (moderately wounded, extremely poisoned,
                  | about 22% to evade the +8 trident of the Octopus King)
 19599 | Orc:1    | Aim: an orc knight, wielding a +0 great sword and wearing a
                  | +0 plate armour (heavily wounded, extremely poisoned, about
                  | 22% to evade the +8 trident of the Octopus King)
 19599 | Orc:1    | Aim: an orc knight, wielding a +0 great sword and wearing a
                  | +0 plate armour (heavily wounded, extremely poisoned, about
                  | 22% to evade the +8 trident of the Octopus King)
 19600 | Orc:1    | Aim: an orc knight, wielding a +0 great sword and wearing a
                  | +0 plate armour (heavily wounded, extremely poisoned, about
                  | 22% to evade the +8 trident of the Octopus King)
 19600 | Orc:1    | Aim: an orc knight, wielding a +0 great sword and wearing a
                  | +0 plate armour (heavily wounded, extremely poisoned, about
                  | 22% to evade the +8 trident of the Octopus King)
 19601 | Orc:1    | Aim: an orc knight, wielding a +0 great sword and wearing a
                  | +0 plate armour (severely wounded, extremely poisoned,
                  | about 22% to evade the +8 trident of the Octopus King)
 19601 | Orc:1    | Aim: an orc knight, wielding a +0 great sword and wearing a
                  | +0 plate armour (severely wounded, extremely poisoned,
                  | about 22% to evade the +8 trident of the Octopus King)
 19602 | Orc:1    | Aim: an orc knight, wielding a +0 great sword and wearing a
                  | +0 plate armour (severely wounded, extremely poisoned,
                  | about 22% to evade the +8 trident of the Octopus King)
 19602 | Orc:1    | Aim: an orc knight, wielding a +0 great sword and wearing a
                  | +0 plate armour (severely wounded, extremely poisoned,
                  | about 22% to evade the +8 trident of the Octopus King)
 19603 | Orc:1    | Aim: an orc knight, wielding a +0 great sword and wearing a
                  | +0 plate armour (severely wounded, extremely poisoned,
                  | about 22% to evade the +8 trident of the Octopus King)
 19603 | Orc:1    | Aim: an orc knight, wielding a +0 great sword and wearing a
                  | +0 plate armour (severely wounded, extremely poisoned,
                  | about 22% to evade the +8 trident of the Octopus King)
 19604 | Orc:1    | Aim: an orc knight, wielding a +0 great sword and wearing a
                  | +0 plate armour (almost dead, extremely poisoned, about 22%
                  | to evade the +8 trident of the Octopus King)
 19604 | Orc:1    | Aim: an orc knight, wielding a +0 great sword and wearing a
                  | +0 plate armour (almost dead, extremely poisoned, about 22%
                  | to evade the +8 trident of the Octopus King)
 19605 | Orc:1    | Aim: an orc knight, wielding a +0 great sword and wearing a
                  | +0 plate armour (almost dead, extremely poisoned, about 22%
                  | to evade the +8 trident of the Octopus King)
 19605 | Orc:1    | Aim: an orc knight, wielding a +0 great sword and wearing a
                  | +0 plate armour (almost dead, extremely poisoned, about 22%
                  | to evade the +8 trident of the Octopus King)
 19606 | Orc:1    | Aim: an orc warrior, wielding a +0 trident and wearing a +0
                  | plate armour (strong, about 22% to evade the +8 trident of
                  | the Octopus King)
 19606 | Orc:1    | Aim: an orc warrior, wielding a +0 trident and wearing a +0
                  | plate armour (strong, about 22% to evade the +8 trident of
                  | the Octopus King)
 19607 | Orc:1    | Aim: an orc warrior, wielding a +0 trident and wearing a +0
                  | plate armour (lightly wounded, strong, very poisoned, about
                  | 22% to evade the +8 trident of the Octopus King)
 19607 | Orc:1    | Aim: an orc warrior, wielding a +0 trident and wearing a +0
                  | plate armour (lightly wounded, strong, very poisoned, about
                  | 22% to evade the +8 trident of the Octopus King)
 19608 | Orc:1    | Aim: an orc warrior, wielding a +0 trident and wearing a +0
                  | plate armour (severely wounded, strong, extremely poisoned,
                  | about 22% to evade the +8 trident of the Octopus King)
 19608 | Orc:1    | Aim: an orc warrior, wielding a +0 trident and wearing a +0
                  | plate armour (severely wounded, strong, extremely poisoned,
                  | about 22% to evade the +8 trident of the Octopus King)
 19609 | Orc:1    | Aim: an orc warrior, wielding a +0 trident and wearing a +0
                  | plate armour (severely wounded, strong, extremely poisoned,
                  | about 22% to evade the +8 trident of the Octopus King)
 19609 | Orc:1    | Aim: an orc warrior, wielding a +0 trident and wearing a +0
                  | plate armour (severely wounded, strong, extremely poisoned,
                  | about 22% to evade the +8 trident of the Octopus King)
 19610 | Orc:1    | Aim: an orc warrior, wielding a +0 trident and wearing a +0
                  | plate armour (severely wounded, strong, extremely poisoned,
                  | about 22% to evade the +8 trident of the Octopus King)
 19610 | Orc:1    | Aim: an orc warrior, wielding a +0 trident and wearing a +0
                  | plate armour (severely wounded, strong, extremely poisoned,
                  | about 22% to evade the +8 trident of the Octopus King)
 19611 | Orc:1    | Aim: an orc, wielding a +0 dagger (strong, about 22% to
                  | evade the +8 trident of the Octopus King)
 19611 | Orc:1    | Aim: an orc, wielding a +0 dagger (strong, about 22% to
                  | evade the +8 trident of the Octopus King)
 19612 | Orc:1    | Aim: an orc, wielding a +0 dagger (lightly wounded, strong,
                  | very poisoned, about 22% to evade the +8 trident of the
                  | Octopus King)
 19612 | Orc:1    | Aim: an orc, wielding a +0 dagger (lightly wounded, strong,
                  | very poisoned, about 22% to evade the +8 trident of the
                  | Octopus King)
 19613 | Orc:1    | Aim: an orc, wielding a +0 dagger (moderately wounded,
                  | strong, very poisoned, about 22% to evade the +8 trident of
                  | the Octopus King)
 19613 | Orc:1    | Aim: an orc, wielding a +0 dagger (moderately wounded,
                  | strong, very poisoned, about 22% to evade the +8 trident of
                  | the Octopus King)
 19701 | Orc:1    | Bought a ring of willpower for 375 gold pieces
 19757 | Orc:1    | Found a runed translucent door.
 19760 | Orc:1    | Noticed a balrug
 20104 | Orc:2    | Found Hogoetzo's General Store.
 20108 | Orc:2    | Found Pourigeor's Distillery.
 20137 | Orc:2    | Aim: an orc, wielding a +2 dagger of pain (inner flame,
                  | about 25% to evade the +8 trident of the Octopus King)
 20137 | Orc:2    | Aim: an orc, wielding a +2 dagger of pain (inner flame,
                  | about 25% to evade the +8 trident of the Octopus King)
 20139 | Orc:2    | Aim: an orc warrior, wielding a +0 flail and wearing a +0
                  | plate armour (about 25% to evade the +8 trident of the
                  | Octopus King)
 20139 | Orc:2    | Aim: an orc warrior, wielding a +0 flail and wearing a +0
                  | plate armour (about 25% to evade the +8 trident of the
                  | Octopus King)
 20140 | Orc:2    | Aim: an orc warrior, wielding a +0 flail and wearing a +0
                  | plate armour (lightly wounded, about 25% to evade the +8
                  | trident of the Octopus King)
 20140 | Orc:2    | Aim: an orc warrior, wielding a +0 flail and wearing a +0
                  | plate armour (lightly wounded, about 25% to evade the +8
                  | trident of the Octopus King)
 20141 | Orc:2    | Aim: an orc warrior, wielding a +0 flail and wearing a +0
                  | plate armour (heavily wounded, about 25% to evade the +8
                  | trident of the Octopus King)
 20141 | Orc:2    | Aim: an orc warrior, wielding a +0 flail and wearing a +0
                  | plate armour (heavily wounded, about 25% to evade the +8
                  | trident of the Octopus King)
 20142 | Orc:2    | Aim: an orc warrior, wielding a +0 flail and wearing a +0
                  | plate armour (severely wounded, very poisoned, about 25% to
                  | evade the +8 trident of the Octopus King)
 20142 | Orc:2    | Aim: an orc warrior, wielding a +0 flail and wearing a +0
                  | plate armour (severely wounded, very poisoned, about 25% to
                  | evade the +8 trident of the Octopus King)
 20143 | Orc:2    | Aim: an orc warrior, wielding a +0 flail and wearing a +0
                  | plate armour (severely wounded, very poisoned, about 25% to
                  | evade the +8 trident of the Octopus King)
 20143 | Orc:2    | Aim: an orc warrior, wielding a +0 flail and wearing a +0
                  | plate armour (severely wounded, very poisoned, about 25% to
                  | evade the +8 trident of the Octopus King)
 20144 | Orc:2    | Aim: an orc warrior, wielding a +0 flail and wearing a +0
                  | plate armour (severely wounded, very poisoned, about 25% to
                  | evade the +8 trident of the Octopus King)
 20144 | Orc:2    | Aim: an orc warrior, wielding a +0 flail and wearing a +0
                  | plate armour (severely wounded, very poisoned, about 25% to
                  | evade the +8 trident of the Octopus King)
 20273 | Orc:2    | Bought 2 potions of curing for 108 gold pieces
 20273 | Orc:2    | Bought a potion of curing for 54 gold pieces
 20273 | Orc:2    | Bought a potion of curing for 54 gold pieces
 20273 | Orc:2    | Bought a potion of enlightenment for 90 gold pieces
 20281 | Orc:2    | Bought a scroll of poison for 48 gold pieces
 20318 | Orc:2    | Aim: an orc high priest, wielding a +0 dire flail (about
                  | 26% to evade the +8 trident of the Octopus King)
 20318 | Orc:2    | Aim: an orc high priest, wielding a +0 dire flail (about
                  | 26% to evade the +8 trident of the Octopus King)
 20319 | Orc:2    | Aim: an orc high priest, wielding a +0 dire flail (lightly
                  | wounded, very poisoned, about 26% to evade the +8 trident
                  | of the Octopus King)
 20319 | Orc:2    | Aim: an orc high priest, wielding a +0 dire flail (lightly
                  | wounded, very poisoned, about 26% to evade the +8 trident
                  | of the Octopus King)
 20320 | Orc:2    | Aim: an orc high priest, wielding a +0 dire flail (lightly
                  | wounded, very poisoned, about 26% to evade the +8 trident
                  | of the Octopus King)
 20320 | Orc:2    | Aim: an orc high priest, wielding a +0 dire flail (lightly
                  | wounded, very poisoned, about 26% to evade the +8 trident
                  | of the Octopus King)
 20321 | Orc:2    | Aim: an orc high priest, wielding a +0 dire flail (lightly
                  | wounded, very poisoned, about 26% to evade the +8 trident
                  | of the Octopus King)
 20321 | Orc:2    | Aim: an orc high priest, wielding a +0 dire flail (lightly
                  | wounded, very poisoned, about 26% to evade the +8 trident
                  | of the Octopus King)
 20322 | Orc:2    | Aim: an orc high priest, wielding a +0 dire flail
                  | (moderately wounded, extremely poisoned, about 26% to evade
                  | the +8 trident of the Octopus King)
 20322 | Orc:2    | Aim: an orc high priest, wielding a +0 dire flail
                  | (moderately wounded, extremely poisoned, about 26% to evade
                  | the +8 trident of the Octopus King)
 20324 | Orc:2    | Aim: an orc high priest, wielding a +0 trident (about 26%
                  | to evade the +8 trident of the Octopus King)
 20325 | Orc:2    | Aim: an orc high priest, wielding a +0 trident (about 26%
                  | to evade the +8 trident of the Octopus King)
 20325 | Orc:2    | Aim: an orc high priest, wielding a +0 trident (about 26%
                  | to evade the +8 trident of the Octopus King)
 20326 | Orc:2    | Aim: an orc high priest, wielding a +0 trident (about 26%
                  | to evade the +8 trident of the Octopus King)
 20326 | Orc:2    | Aim: an orc high priest, wielding a +0 trident (about 26%
                  | to evade the +8 trident of the Octopus King)
 20326 | Orc:2    | Aim: an orc high priest, wielding a +0 dire flail (severely
                  | wounded, extremely poisoned, about 26% to evade the +8
                  | trident of the Octopus King)
 20327 | Orc:2    | Aim: an orc high priest, wielding a +0 dire flail (severely
                  | wounded, extremely poisoned, about 26% to evade the +8
                  | trident of the Octopus King)
 20327 | Orc:2    | Aim: an orc high priest, wielding a +0 dire flail (severely
                  | wounded, extremely poisoned, about 26% to evade the +8
                  | trident of the Octopus King)
 20328 | Orc:2    | Aim: an orc high priest, wielding a +0 dire flail (severely
                  | wounded, extremely poisoned, about 29% to evade the +8
                  | trident of the Octopus King)
 20328 | Orc:2    | Aim: an orc high priest, wielding a +0 dire flail (severely
                  | wounded, extremely poisoned, about 29% to evade the +8
                  | trident of the Octopus King)
 20330 | Orc:2    | Aim: an orc high priest, wielding a +0 dire flail (severely
                  | wounded, very poisoned, about 26% to evade the +8 trident
                  | of the Octopus King)
 20330 | Orc:2    | Aim: an orc high priest, wielding a +0 dire flail (severely
                  | wounded, very poisoned, about 26% to evade the +8 trident
                  | of the Octopus King)
 20331 | Orc:2    | Aim: an orc high priest, wielding a +0 dire flail (severely
                  | wounded, very poisoned, about 26% to evade the +8 trident
                  | of the Octopus King)
 20331 | Orc:2    | Aim: an orc high priest, wielding a +0 dire flail (severely
                  | wounded, very poisoned, about 26% to evade the +8 trident
                  | of the Octopus King)
 20332 | Orc:2    | Aim: an orc high priest, wielding a +0 dire flail (almost
                  | dead, extremely poisoned, about 26% to evade the +8 trident
                  | of the Octopus King)
 20332 | Orc:2    | Aim: an orc high priest, wielding a +0 dire flail (almost
                  | dead, extremely poisoned, about 26% to evade the +8 trident
                  | of the Octopus King)
 20333 | Orc:2    | Aim: an orc high priest, wielding a +0 dire flail (almost
                  | dead, extremely poisoned, about 26% to evade the +8 trident
                  | of the Octopus King)
 20333 | Orc:2    | Aim: an orc high priest, wielding a +0 dire flail (almost
                  | dead, extremely poisoned, about 26% to evade the +8 trident
                  | of the Octopus King)
 20336 | Orc:2    | Aim: an orc high priest, wielding a +0 trident (black
                  | smoke, about 26% to evade the +8 trident of the Octopus
                  | King)
 20337 | Orc:2    | Aim: an orc high priest, wielding a +0 trident (about 26%
                  | to evade the +8 trident of the Octopus King)
 20337 | Orc:2    | Aim: an orc high priest, wielding a +0 trident (about 26%
                  | to evade the +8 trident of the Octopus King)
 20338 | Orc:2    | Aim: an orc high priest, wielding a +0 trident (about 26%
                  | to evade the +8 trident of the Octopus King)
 20338 | Orc:2    | Aim: an orc high priest, wielding a +0 trident (about 26%
                  | to evade the +8 trident of the Octopus King)
 20339 | Orc:2    | Aim: an orc high priest, wielding a +0 trident (about 26%
                  | to evade the +8 trident of the Octopus King)
 20339 | Orc:2    | Aim: an orc high priest, wielding a +0 trident (about 26%
                  | to evade the +8 trident of the Octopus King)
 20340 | Orc:2    | Aim: an orc high priest, wielding a +0 trident (about 26%
                  | to evade the +8 trident of the Octopus King)
 20340 | Orc:2    | Aim: an orc high priest, wielding a +0 trident (about 26%
                  | to evade the +8 trident of the Octopus King)
 20340 | Orc:2    | HP: 28/114 [poisoned by a chaos spawn]
 20341 | Orc:2    | Aim: an orc high priest, wielding a +0 trident (about 26%
                  | to evade the +8 trident of the Octopus King)
 20341 | Orc:2    | Aim: an orc high priest, wielding a +0 trident (about 26%
                  | to evade the +8 trident of the Octopus King)
 20343 | Orc:2    | Aim: an orc high priest, wielding a +0 trident (moderately
                  | wounded, extremely poisoned, about 26% to evade the +8
                  | trident of the Octopus King)
 20343 | Orc:2    | Aim: an orc high priest, wielding a +0 trident (moderately
                  | wounded, extremely poisoned, about 26% to evade the +8
                  | trident of the Octopus King)
 20344 | Orc:2    | Aim: an orc high priest, wielding a +0 trident (severely
                  | wounded, extremely poisoned, about 26% to evade the +8
                  | trident of the Octopus King)
 20344 | Orc:2    | Aim: an orc high priest, wielding a +0 trident (severely
                  | wounded, extremely poisoned, about 26% to evade the +8
                  | trident of the Octopus King)
 20345 | Orc:2    | Aim: an orc high priest, wielding a +0 trident (severely
                  | wounded, extremely poisoned, about 26% to evade the +8
                  | trident of the Octopus King)
 20345 | Orc:2    | Aim: an orc high priest, wielding a +0 trident (severely
                  | wounded, extremely poisoned, about 26% to evade the +8
                  | trident of the Octopus King)
 20346 | Orc:2    | Aim: an orc high priest, wielding a +0 trident (almost
                  | dead, extremely poisoned, about 26% to evade the +8 trident
                  | of the Octopus King)
 20346 | Orc:2    | Aim: an orc high priest, wielding a +0 trident (almost
                  | dead, extremely poisoned, about 26% to evade the +8 trident
                  | of the Octopus King)
 20347 | Orc:2    | Reached skill level 12 in Fighting
 20378 | Orc:2    | Aim: an orc warrior, wielding a +0 mace and wearing a +0
                  | plate armour (about 24% to evade the +8 trident of the
                  | Octopus King)
 20378 | Orc:2    | Aim: an orc warrior, wielding a +0 mace and wearing a +0
                  | plate armour (about 24% to evade the +8 trident of the
                  | Octopus King)
 20379 | Orc:2    | Aim: an orc warrior, wielding a +0 mace and wearing a +0
                  | plate armour (about 24% to evade the +8 trident of the
                  | Octopus King)
 20379 | Orc:2    | Aim: an orc warrior, wielding a +0 mace and wearing a +0
                  | plate armour (about 24% to evade the +8 trident of the
                  | Octopus King)
 20380 | Orc:2    | Aim: an orc warrior, wielding a +0 mace and wearing a +0
                  | plate armour (moderately wounded, very poisoned, about 24%
                  | to evade the +8 trident of the Octopus King)
 20380 | Orc:2    | Aim: an orc warrior, wielding a +0 mace and wearing a +0
                  | plate armour (moderately wounded, very poisoned, about 24%
                  | to evade the +8 trident of the Octopus King)
 20381 | Orc:2    | Aim: an orc warrior, wielding a +0 mace and wearing a +0
                  | plate armour (heavily wounded, very poisoned, about 24% to
                  | evade the +8 trident of the Octopus King)
 20381 | Orc:2    | Aim: an orc warrior, wielding a +0 mace and wearing a +0
                  | plate armour (heavily wounded, very poisoned, about 24% to
                  | evade the +8 trident of the Octopus King)
 20596 | Orc:2    | Aim: an orc knight, wielding a +0 halberd and wearing a +0
                  | chain mail (moderately wounded, extremely poisoned, about
                  | 24% to evade the +8 trident of the Octopus King)
 20596 | Orc:2    | Aim: an orc knight, wielding a +0 halberd and wearing a +0
                  | chain mail (moderately wounded, extremely poisoned, about
                  | 24% to evade the +8 trident of the Octopus King)
 20597 | Orc:2    | Aim: an orc knight, wielding a +0 halberd and wearing a +0
                  | chain mail (moderately wounded, extremely poisoned, about
                  | 24% to evade the +8 trident of the Octopus King)
 20597 | Orc:2    | Aim: an orc knight, wielding a +0 halberd and wearing a +0
                  | chain mail (moderately wounded, extremely poisoned, about
                  | 24% to evade the +8 trident of the Octopus King)
 20598 | Orc:2    | Aim: an orc knight, wielding a +0 halberd and wearing a +0
                  | chain mail (severely wounded, extremely poisoned, about 24%
                  | to evade the +8 trident of the Octopus King)
 20598 | Orc:2    | Aim: an orc knight, wielding a +0 halberd and wearing a +0
                  | chain mail (severely wounded, extremely poisoned, about 24%
                  | to evade the +8 trident of the Octopus King)
 20599 | Orc:2    | Aim: an orc knight, wielding a +0 halberd and wearing a +0
                  | chain mail (severely wounded, extremely poisoned, about 24%
                  | to evade the +8 trident of the Octopus King)
 20599 | Orc:2    | Aim: an orc knight, wielding a +0 halberd and wearing a +0
                  | chain mail (severely wounded, extremely poisoned, about 24%
                  | to evade the +8 trident of the Octopus King)
 20600 | Orc:2    | Aim: an orc knight, wielding a +0 halberd and wearing a +0
                  | chain mail (severely wounded, extremely poisoned, about 24%
                  | to evade the +8 trident of the Octopus King)
 20600 | Orc:2    | Aim: an orc knight, wielding a +0 halberd and wearing a +0
                  | chain mail (severely wounded, extremely poisoned, about 24%
                  | to evade the +8 trident of the Octopus King)
 20601 | Orc:2    | Aim: an orc knight, wielding a +0 halberd and wearing a +0
                  | chain mail (almost dead, extremely poisoned, about 24% to
                  | evade the +8 trident of the Octopus King)
 20601 | Orc:2    | Aim: an orc knight, wielding a +0 halberd and wearing a +0
                  | chain mail (almost dead, extremely poisoned, about 24% to
                  | evade the +8 trident of the Octopus King)
 20601 | Orc:2    | Aim: an orc high priest, wielding a +0 long sword and
                  | wearing a +0 ring mail (strong, about 24% to evade the +8
                  | trident of the Octopus King)
 20614 | Orc:2    | Aim: an orc warrior, wielding a +0 hand axe and wearing a
                  | +0 chain mail (strong, about 24% to evade the +8 trident of
                  | the Octopus King)
 20614 | Orc:2    | Aim: an orc warrior, wielding a +0 hand axe and wearing a
                  | +0 chain mail (strong, about 24% to evade the +8 trident of
                  | the Octopus King)
 20615 | Orc:2    | Aim: an orc warrior, wielding a +0 hand axe and wearing a
                  | +0 chain mail (lightly wounded, strong, very poisoned,
                  | about 24% to evade the +8 trident of the Octopus King)
 20615 | Orc:2    | Aim: an orc warrior, wielding a +0 hand axe and wearing a
                  | +0 chain mail (lightly wounded, strong, very poisoned,
                  | about 24% to evade the +8 trident of the Octopus King)
 20616 | Orc:2    | Aim: an orc warrior, wielding a +0 hand axe and wearing a
                  | +0 chain mail (severely wounded, extremely poisoned, about
                  | 24% to evade the +8 trident of the Octopus King)
 20616 | Orc:2    | Aim: an orc warrior, wielding a +0 hand axe and wearing a
                  | +0 chain mail (severely wounded, extremely poisoned, about
                  | 24% to evade the +8 trident of the Octopus King)
 20617 | Orc:2    | Aim: an orc warrior, wielding a +0 hand axe and wearing a
                  | +0 chain mail (severely wounded, extremely poisoned, about
                  | 24% to evade the +8 trident of the Octopus King)
 20617 | Orc:2    | Aim: an orc warrior, wielding a +0 hand axe and wearing a
                  | +0 chain mail (severely wounded, extremely poisoned, about
                  | 24% to evade the +8 trident of the Octopus King)
 20618 | Orc:2    | Aim: an orc warrior, wielding a +0 hand axe and wearing a
                  | +0 chain mail (almost dead, extremely poisoned, about 24%
                  | to evade the +8 trident of the Octopus King)
 20618 | Orc:2    | Aim: an orc warrior, wielding a +0 hand axe and wearing a
                  | +0 chain mail (almost dead, extremely poisoned, about 24%
                  | to evade the +8 trident of the Octopus King)
 20619 | Orc:2    | Aim: an orc warrior, wielding a +0 hand axe and wearing a
                  | +0 chain mail (almost dead, extremely poisoned, about 24%
                  | to evade the +8 trident of the Octopus King)
 20619 | Orc:2    | Aim: an orc warrior, wielding a +0 hand axe and wearing a
                  | +0 chain mail (almost dead, extremely poisoned, about 24%
                  | to evade the +8 trident of the Octopus King)
 20769 | Orc:2    | Gained mutation: You have hidden genetic defects. [a
                  | neqoxec]
 20803 | Orc:2    | Aim: an orc sorcerer, wielding a +0 dagger and wearing a +0
                  | robe (about 26% to evade the +8 trident of the Octopus
                  | King)
 20803 | Orc:2    | Aim: an orc sorcerer, wielding a +0 dagger and wearing a +0
                  | robe (about 26% to evade the +8 trident of the Octopus
                  | King)
 20804 | Orc:2    | Aim: an orc sorcerer, wielding a +0 dagger and wearing a +0
                  | robe (about 26% to evade the +8 trident of the Octopus
                  | King)
 20804 | Orc:2    | Aim: an orc sorcerer, wielding a +0 dagger and wearing a +0
                  | robe (about 26% to evade the +8 trident of the Octopus
                  | King)
 20805 | Orc:2    | Aim: an orc sorcerer, wielding a +0 dagger and wearing a +0
                  | robe (lightly wounded, about 26% to evade the +8 trident of
                  | the Octopus King)
 20805 | Orc:2    | Aim: an orc sorcerer, wielding a +0 dagger and wearing a +0
                  | robe (lightly wounded, about 26% to evade the +8 trident of
                  | the Octopus King)
 20806 | Orc:2    | Aim: an orc sorcerer, wielding a +0 dagger and wearing a +0
                  | robe (almost dead, extremely poisoned, about 26% to evade
                  | the +8 trident of the Octopus King)
 20806 | Orc:2    | Aim: an orc sorcerer, wielding a +0 dagger and wearing a +0
                  | robe (almost dead, extremely poisoned, about 26% to evade
                  | the +8 trident of the Octopus King)
 20807 | Orc:2    | Lost mutation: You have a pair of small horns on your head.
                  | [potion of mutation]
 20807 | Orc:2    | Lost mutation: You have hidden genetic defects. [potion of
                  | mutation]
 20807 | Orc:2    | Gained mutation: Your spells are a little easier to cast,
                  | but a little less powerful. [potion of mutation]
 20807 | Orc:2    | Gained mutation: You expend magic power (3 MP) to
                  | strengthen your wands. [potion of mutation]
 20897 | Orc:2    | Reached skill level 13 in Fighting
 21035 | Orc:2    | Found Yhirem's Antique Armour Shop.
 21035 | Orc:2    | Found a one-way gate leading to the halls of Pandemonium.
 21035 | Orc:2    | Found Nonka's Jewellery Boutique.
 21178 | Orc:2    | Aim: an orc high priest, wielding a +0 glaive and wearing a
                  | +0 leather armour (heavily wounded, poisoned, about 28% to
                  | evade the +8 trident of the Octopus King)
 21178 | Orc:2    | Aim: an orc high priest, wielding a +0 glaive and wearing a
                  | +0 leather armour (heavily wounded, poisoned, about 28% to
                  | evade the +8 trident of the Octopus King)
 21178 | Orc:2    | Aim: an orc high priest, wielding a +0 glaive and wearing a
                  | +0 leather armour (heavily wounded, poisoned, about 28% to
                  | evade the +8 trident of the Octopus King)
 21179 | Orc:2    | Aim: an orc high priest, wielding a +0 glaive and wearing a
                  | +0 leather armour (severely wounded, poisoned, about 28% to
                  | evade the +8 trident of the Octopus King)
 21179 | Orc:2    | Aim: an orc high priest, wielding a +0 glaive and wearing a
                  | +0 leather armour (severely wounded, poisoned, about 28% to
                  | evade the +8 trident of the Octopus King)
 21180 | Orc:2    | Aim: an orc high priest, wielding a +0 glaive and wearing a
                  | +0 leather armour (severely wounded, poisoned, about 28% to
                  | evade the +8 trident of the Octopus King)
 21180 | Orc:2    | Aim: an orc high priest, wielding a +0 glaive and wearing a
                  | +0 leather armour (severely wounded, poisoned, about 28% to
                  | evade the +8 trident of the Octopus King)
 21181 | Orc:2    | Aim: an orc high priest, wielding a +0 glaive and wearing a
                  | +0 leather armour (severely wounded, poisoned, about 28% to
                  | evade the +8 trident of the Octopus King)
 21181 | Orc:2    | Aim: an orc high priest, wielding a +0 glaive and wearing a
                  | +0 leather armour (severely wounded, poisoned, about 28% to
                  | evade the +8 trident of the Octopus King)
 21182 | Orc:2    | Aim: an orc high priest, wielding a +0 glaive and wearing a
                  | +0 leather armour (almost dead, extremely poisoned, about
                  | 28% to evade the +8 trident of the Octopus King)
 21182 | Orc:2    | Aim: an orc high priest, wielding a +0 glaive and wearing a
                  | +0 leather armour (almost dead, extremely poisoned, about
                  | 28% to evade the +8 trident of the Octopus King)
 21183 | Orc:2    | Aim: an orc high priest, wielding a +0 glaive and wearing a
                  | +0 leather armour (almost dead, extremely poisoned, about
                  | 28% to evade the +8 trident of the Octopus King)
 21183 | Orc:2    | Aim: an orc high priest, wielding a +0 glaive and wearing a
                  | +0 leather armour (almost dead, extremely poisoned, about
                  | 28% to evade the +8 trident of the Octopus King)
 21288 | Orc:2    | Received a gift from Okawaru
 21407 | Orc:2    | Found Mumes's Armour Boutique.
 22455 | D:11     | Identified the +7 whip of Quick Death {pain, Int+5}
 22528 | D:10     | Aim: a wight, wielding a +1 falchion and wearing a +0 robe
                  | (moderately damaged, about 24% to evade the +8 trident of
                  | the Octopus King)
 22528 | D:10     | Aim: a wight, wielding a +1 falchion and wearing a +0 robe
                  | (moderately damaged, about 24% to evade the +8 trident of
                  | the Octopus King)
 22529 | D:10     | Aim: a wight, wielding a +1 falchion and wearing a +0 robe
                  | (moderately damaged, about 24% to evade the +8 trident of
                  | the Octopus King)
 22529 | D:10     | Aim: a wight, wielding a +1 falchion and wearing a +0 robe
                  | (moderately damaged, about 24% to evade the +8 trident of
                  | the Octopus King)
 22530 | D:10     | Aim: a wight, wielding a +1 falchion and wearing a +0 robe
                  | (heavily damaged, about 24% to evade the +8 trident of the
                  | Octopus King)
 22530 | D:10     | Aim: a wight, wielding a +1 falchion and wearing a +0 robe
                  | (heavily damaged, about 24% to evade the +8 trident of the
                  | Octopus King)
 22531 | D:10     | Aim: a wight, wielding a +1 falchion and wearing a +0 robe
                  | (severely damaged, about 24% to evade the +8 trident of the
                  | Octopus King)
 22531 | D:10     | Aim: a wight, wielding a +1 falchion and wearing a +0 robe
                  | (severely damaged, about 24% to evade the +8 trident of the
                  | Octopus King)
 22600 | D:10     | Reached skill level 5 in Dodging
 22611 | D:10     | Reached XP level 15. HP: 119/124 MP: 19/19
 22658 | D:10     | Aim: a centaur warrior, wielding a +0 shortbow (about 18%
                  | to evade the +8 trident of the Octopus King)
 22658 | D:10     | Aim: a centaur warrior, wielding a +0 shortbow (about 18%
                  | to evade the +8 trident of the Octopus King)
 22659 | D:10     | Aim: a centaur warrior, wielding a +0 shortbow (moderately
                  | wounded, extremely poisoned, about 18% to evade the +8
                  | trident of the Octopus King)
 22659 | D:10     | Aim: a centaur warrior, wielding a +0 shortbow (moderately
                  | wounded, extremely poisoned, about 18% to evade the +8
                  | trident of the Octopus King)
 22668 | D:10     | Reached skill level 6 in Dodging
 22977 | D:11     | Found a portal to a secret trove of treasure.
 23033 | D:11     | Reached skill level 7 in Dodging
 23375 | D:12     | Found a runed translucent door.
 23378 | D:12     | Found a runed translucent door.
 23382 | D:12     | Acquired the ring "Afowador" {rPois rN+ Dex+6 SInv}
 23394 | D:12     | Reached skill level 8 in Dodging
 23524 | D:12     | Reached skill level 9 in Dodging
 23524 | D:12     | HP: 29/124 [freezing wraith (4)]
 24038 | D:12     | Received a gift from Okawaru
 24266 | D:12     | You pick up a book of Conjurations {@e2} and begin
                  | reading...
 24266 | D:12     | You add the spells Searing Ray and Fulminant Prism to your
                  | library.
 24278 | D:12     | You add the spells Gell's Gravitas, Teleport Other and
                  | Dispersal to your library.
 24283 | D:12     | You pick up a book of Unlife and begin reading...
 24357 | D:12     | Reached skill level 10 in Dodging
 24984 | D:13     | Identified the +3 chain mail of Refuge {*Slow +Blink rF+}
 25350 | D:14     | Found Gaigg's Jewellery Boutique.
 25572 | D:13     | Identified the +7 plate armour of Muleineg {+Blink Str+4
                  | Dex-4} (Okawaru gifted it to you on level 13 of the
                  | Dungeon)
 25572 | D:13     | Received a gift from Okawaru
 25758 | D:14     | Reached skill level 5 in Armour
 25871 | D:14     | Reached skill level 11 in Dodging
 26382 | D:14     | Found a gate to the Vaults.
 26443 | D:14     | Found Yniciu's General Store.
 26446 | D:14     | Bought a potion of cancellation for 120 gold pieces
 26446 | D:14     | Bought a scroll of enchant armour for 112 gold pieces
 26452 | D:14     | You pick up a book of Weapons and begin reading...
 26452 | D:14     | You add the spells Dimensional Bullseye and Iskenderun's
                  | Mystic Blast to your library.
 26653 | D:14     | Found Aroh's Antique Armour Shoppe.
 26766 | D:14     | Reached skill level 6 in Armour
 27004 | D:15     | Entered Level 15 of the Dungeon
 27076 | D:15     | Found an opulent altar of Gozag.
 27243 | D:15     | Reached skill level 12 in Dodging
 27271 | D:15     | Reached XP level 16. HP: 131/131 MP: 20/20
 27294 | D:15     | Reached skill level 7 in Armour
 27699 | D:15     | Found a staircase to the Depths.
 27812 | D:15     | Reached skill level 8 in Armour
 28320 | Snake:1  | Entered Level 1 of the Snake Pit
 28344 | Snake:1  | magus.rc [v1.9.6]
 28361 | Snake:1  | Received a gift from Okawaru
 28517 | Snake:1  | Reached skill level 14 in Fighting
 28603 | Snake:1  | Reached skill level 2 in Spellcasting
 28938 | Snake:1  | Reached skill level 3 in Spellcasting
 29085 | Snake:1  | Identified the +1 ring mail of the Learner {-Cast rF+ Str-2
                  | Dex+7}
 29219 | Snake:1  | Identified the +1 pair of gloves of Meowodgh {rN+ Stlth+}
                  | (Okawaru gifted it to you on level 1 of the Snake Pit)
 29219 | Snake:1  | Received a gift from Okawaru
 29422 | Snake:2  | Reached skill level 7 in Invocations
 29595 | Snake:2  | Noticed Aizul
 29619 | Snake:2  | Killed Aizul
 29630 | Snake:2  | HP: 32/133 [naga warrior/+0 war axe (16)]
 29631 | Arena    | Entered the Arena
 29635 | Arena    | Reached skill level 8 in Invocations
 29635 | Arena    | HP: 24/133 [poisoned by a naga (splash of poison)]
 29999 | Snake:2  | Found Goshaen's Gadget Gallery.
 30007 | Snake:2  | Bought a lightning rod (4/4) for 440 gold pieces
 30007 | Snake:2  | Bought a wand of paralysis (7) for 184 gold pieces
 30344 | Snake:2  | Reached skill level 9 in Invocations
 31237 | Snake:3  | Found Miolamp's Distillery.
 31245 | Snake:3  | Bought a potion of heal wounds for 95 gold pieces
 31245 | Snake:3  | Bought a potion of invisibility for 152 gold pieces
 31245 | Snake:3  | Bought a potion of might for 76 gold pieces
 31245 | Snake:3  | Bought a potion of enlightenment for 95 gold pieces
 31245 | Snake:3  | Bought a potion of curing for 57 gold pieces
 31245 | Snake:3  | Bought a potion of curing for 57 gold pieces
 31245 | Snake:3  | Bought a potion of curing for 57 gold pieces
 31245 | Snake:3  | Bought a potion of curing for 57 gold pieces
 31385 | Snake:3  | Reached skill level 10 in Invocations
 31820 | Snake:3  | Found a bloodstained altar of Trog.
 32035 | Snake:3  | Received a gift from Okawaru
 32337 | Snake:3  | Reached skill level 6 in Evocations
 32337 | Snake:3  | Reached XP level 17. HP: 139/139 MP: 24/24
 32571 | Snake:4  | Entered Level 4 of the Snake Pit
 32854 | Snake:4  | Reached skill level 7 in Evocations
 33056 | Snake:4  | Reached skill level 8 in Evocations
 33137 | Snake:4  | Found Giudapt's Book Shop.
 33187 | Snake:4  | magus.rc [v1.9.6]
 33231 | Snake:4  | Reached skill level 2 in Stealth
 33300 | Snake:4  | Reached skill level 3 in Stealth
 33597 | Snake:4  | Reached skill level 4 in Stealth
 33638 | Snake:4  | Reached skill level 5 in Stealth
 33738 | Snake:4  | Identified the +2 kite shield of Joy {Slay+2} (Okawaru
                  | gifted it to you on level 4 of the Snake Pit)
 33738 | Snake:4  | Received a gift from Okawaru
 33966 | Snake:4  | Reached skill level 6 in Stealth
 34006 | Snake:4  | Reached skill level 7 in Stealth
 34025 | Snake:4  | Reached skill level 9 in Armour
 34141 | Snake:4  | Reached skill level 8 in Stealth
 34283 | Snake:4  | Got a serpentine rune of Zot
 34571 | Lair:4   | Fell from the grace of Okawaru
 34571 | Lair:4   | Became a worshipper of Jiyva Joafuer the Shapeless
 34640 | Lair:2   | Killed Samael12321's ghost
 34641 | Swamp:1  | Entered Level 1 of the Swamp
 34657 | Swamp:1  | Reached skill level 10 in Armour
 34982 | Elf:1    | Entered Level 1 of the Elven Halls
 35202 | Elf:1    | Reached skill level 9 in Stealth
 35204 | Elf:1    | Aim: a deep elf zephyrmancer, wielding a +0 long sword and
                  | wearing a +2 ring mail of cold resistance (moderately
                  | wounded, about 26% to evade the +8 trident of the Octopus
                  | King)
 35204 | Elf:1    | Aim: a deep elf zephyrmancer, wielding a +0 long sword and
                  | wearing a +2 ring mail of cold resistance (moderately
                  | wounded, about 26% to evade the +8 trident of the Octopus
                  | King)
 35205 | Elf:1    | Aim: a deep elf zephyrmancer, wielding a +0 long sword and
                  | wearing a +2 ring mail of cold resistance (moderately
                  | wounded, about 26% to evade the +8 trident of the Octopus
                  | King)
 35205 | Elf:1    | Aim: a deep elf zephyrmancer, wielding a +0 long sword and
                  | wearing a +2 ring mail of cold resistance (moderately
                  | wounded, about 26% to evade the +8 trident of the Octopus
                  | King)
 35206 | Elf:1    | Aim: a deep elf zephyrmancer, wielding a +0 long sword and
                  | wearing a +2 ring mail of cold resistance (moderately
                  | wounded, poisoned, about 26% to evade the +8 trident of the
                  | Octopus King)
 35206 | Elf:1    | Aim: a deep elf zephyrmancer, wielding a +0 long sword and
                  | wearing a +2 ring mail of cold resistance (moderately
                  | wounded, poisoned, about 26% to evade the +8 trident of the
                  | Octopus King)
 35207 | Elf:1    | Aim: a deep elf zephyrmancer, wielding a +0 long sword and
                  | wearing a +2 ring mail of cold resistance (almost dead,
                  | extremely poisoned, about 26% to evade the +8 trident of
                  | the Octopus King)
 35207 | Elf:1    | Aim: a deep elf zephyrmancer, wielding a +0 long sword and
                  | wearing a +2 ring mail of cold resistance (almost dead,
                  | extremely poisoned, about 26% to evade the +8 trident of
                  | the Octopus King)
 35473 | Elf:1    | Reached skill level 10 in Stealth
 35473 | Elf:1    | Paralysed by an air elemental for 1 turns
 35512 | Elf:1    | Noticed Agnes
 35533 | Elf:1    | Killed Agnes
 35534 | Elf:1    | Reached skill level 11 in Stealth
 35552 | Elf:1    | Paralysed by an air elemental for 1 turns
 35922 | Elf:1    | Noticed Azrael
 35927 | Elf:1    | Reached skill level 12 in Stealth
 35956 | Elf:1    | Killed Azrael
 36065 | Elf:1    | Reached XP level 18. HP: 117/146 MP: 25/25
 36083 | Elf:1    | Reached skill level 13 in Stealth
 36596 | Swamp:1  | Identified the +0 ring mail "Ruc Kebbo" {Regen+ MP-9 Int+5}
 36957 | Swamp:1  | Reached skill level 14 in Stealth
 37284 | Lair:2   | magus.rc [v1.9.6]
 43178 | Swamp:1  | HP: 47/219 [titan/bolt of lightning[the fury of Okawaru]
                  | (42)]
 43657 | Swamp:2  | HP: 34/146 [constriction (4)]
 44456 | Orc:2    | Bought 2 potions of mutation for 288 gold pieces
 44456 | Orc:2    | Bought a potion of resistance for 180 gold pieces
 44788 | Swamp:2  | Reached skill level 11 in Armour
 45469 | Swamp:3  | Upgraded the game from 0.31-a0-740-g87205ac768 to
                  | 0.31-a0-744-gbc345e7fcb
 45469 | Swamp:3  | magus.rc [v1.9.6]
 46488 | Swamp:3  | Reached skill level 12 in Armour
 46744 | Swamp:4  | Entered Level 4 of the Swamp
 46744 | Swamp:4  | Found a frozen archway.
 46770 | IceCv    | Entered an ice cave
 46900 | IceCv    | Reached * piety under Jiyva
 47089 | IceCv    | Found an ancient bone altar of Kikubaaqudgha.
 47347 | IceCv    | Noticed a lich
 47363 | IceCv    | Killed a lich
 47528 | IceCv    | Was forgiven by Okawaru
 47539 | IceCv    | Aim: a red draconian, wielding a +0 battleaxe (moderately
                  | wounded, durably summoned, about 22% to evade the +8
                  | trident of the Octopus King)
 47539 | IceCv    | Aim: a red draconian, wielding a +0 battleaxe (moderately
                  | wounded, durably summoned, about 22% to evade the +8
                  | trident of the Octopus King)
 47540 | IceCv    | Aim: a red draconian, wielding a +0 battleaxe (severely
                  | wounded, durably summoned, extremely poisoned, about 22% to
                  | evade the +8 trident of the Octopus King)
 47540 | IceCv    | Aim: a red draconian, wielding a +0 battleaxe (severely
                  | wounded, durably summoned, extremely poisoned, about 22% to
                  | evade the +8 trident of the Octopus King)
 47541 | IceCv    | Aim: a red draconian, wielding a +0 battleaxe (severely
                  | wounded, durably summoned, extremely poisoned, about 22% to
                  | evade the +8 trident of the Octopus King)
 47541 | IceCv    | Aim: a red draconian, wielding a +0 battleaxe (severely
                  | wounded, durably summoned, extremely poisoned, about 22% to
                  | evade the +8 trident of the Octopus King)
 47550 | IceCv    | HP: 26/146 [titan[the fury of Okawaru] (30)]
 47626 | IceCv    | You pick up a book of Unlife and begin reading...
 47767 | Swamp:4  | magus.rc [v1.9.6]
 47874 | Swamp:4  | Reached skill level 13 in Dodging
 48050 | Swamp:4  | Reached skill level 13 in Shields
 48057 | Swamp:4  | Reached XP level 19. HP: 122/152 MP: 26/26
 48121 | Swamp:4  | You pick up a book of Decay and begin reading...
 48347 | Snake:2  | Bought a phantom mirror for 440 gold pieces
 48347 | Snake:2  | Bought a box of beasts for 440 gold pieces
 48717 | Swamp:4  | Noticed the 27-headed Lernaean hydra
 48720 | Swamp:4  | Reached ** piety under Jiyva
 48731 | Swamp:4  | Killed the 27-headed Lernaean hydra
 48732 | Swamp:4  | Reached skill level 14 in Dodging
 48791 | Swamp:4  | Got a decaying rune of Zot
 49404 | Vaults:1 | Entered Level 1 of the Vaults
 49603 | Vaults:1 | Reached skill level 14 in Shields
 49672 | Vaults:1 | Found a magical portal.
 49681 | WizLab   | Entered Doroklohe's Tomb
 49913 | WizLab   | Noticed a dread lich
 50027 | WizLab   | Gained mutation: You are frail. (-10% HP) [a cacodemon]
 50033 | WizLab   | Killed a dread lich
 50344 | Vaults:1 | Reached *** piety under Jiyva
 50382 | Vaults:1 | Gained mutation: Your rubbery body absorbs attacks. (AC +1,
                  | EV +1) [Jiyva's grace]
 50382 | Vaults:1 | Gained mutation: Your pliable body absorbs attacks. (AC +2,
                  | EV +2) [Jiyva's grace]
 50382 | Vaults:1 | Gained mutation: Your gelatinous body deflects attacks. (AC
                  | +3, EV +3) [Jiyva's grace]
 50382 | Vaults:1 | Gained mutation: You have large cloven feet. [Jiyva's
                  | grace]
 50452 | Vaults:1 | Lost mutation: Your spells are a little easier to cast, but
                  | a little less powerful. [potion of mutation]
 50452 | Vaults:1 | Lost mutation: You have large cloven feet. [potion of
                  | mutation]
 50452 | Vaults:1 | Gained mutation: You have large cloven feet. [potion of
                  | mutation]
 50452 | Vaults:1 | Gained mutation: Your system is resistant to poisons.
                  | (rPois) [potion of mutation]
 50519 | Vaults:1 | Reached skill level 15 in Fighting
 50520 | Vaults:1 | Lost mutation: Your system is resistant to poisons. (rPois)
                  | [potion of mutation]
 50520 | Vaults:1 | Lost mutation: You expend magic power (3 MP) to strengthen
                  | your wands. [potion of mutation]
 50520 | Vaults:1 | Gained mutation: You are partially covered in iridescent
                  | scales. (AC +2) [potion of mutation]
 50520 | Vaults:1 | Gained mutation: Your muscles are strong. (Str +4, Int/Dex
                  | -1) [potion of mutation]
 50811 | Vaults:1 | You pick up a book of Debilitation and begin reading...
 50837 | Vaults:1 | Noticed Saint Roka
 51135 | Vaults:1 | Found Pilegab's Weapon Shop.
 51261 | Vaults:1 | Killed Saint Roka
 51372 | Vaults:1 | Reached **** piety under Jiyva
 51579 | Vaults:1 | Reached skill level 16 in Fighting
 52560 | Vaults:2 | Reached skill level 15 in Dodging
 52926 | Vaults:2 | Reached ***** piety under Jiyva
 53043 | Vaults:2 | Lost mutation: Your muscles are strong. (Str +4, Int/Dex
                  | -1) [Jiyva's grace]
 53043 | Vaults:2 | Gained mutation: Your body has grown eyes which may confuse
                  | attackers. (Acc +3) [Jiyva's grace]
 53043 | Vaults:2 | Gained mutation: Your body has grown many eyes which may
                  | confuse attackers. (Acc +5) [Jiyva's grace]
 53043 | Vaults:2 | Gained mutation: Your body is covered in eyes which may
                  | confuse attackers. (Acc +7, SInv) [Jiyva's grace]
 53043 | Vaults:2 | Gained mutation: You expend magic power (3 MP) to
                  | strengthen your wands. [Jiyva's grace]
 53044 | Vaults:2 | Lost mutation: Your gelatinous body deflects attacks. (AC
                  | +3, EV +3) [potion of mutation]
 53044 | Vaults:2 | Lost mutation: Your body is covered in eyes which may
                  | confuse attackers. (Acc +7, SInv) [potion of mutation]
 53044 | Vaults:2 | Lost mutation: Your body has grown many eyes which may
                  | confuse attackers. (Acc +5) [potion of mutation]
 53044 | Vaults:2 | Lost mutation: Your pliable body absorbs attacks. (AC +2,
                  | EV +2) [potion of mutation]
 53045 | Vaults:2 | Lost mutation: You are partially covered in iridescent
                  | scales. (AC +2) [potion of mutation]
 53045 | Vaults:2 | Lost mutation: You expend magic power (3 MP) to strengthen
                  | your wands. [potion of mutation]
 53045 | Vaults:2 | Lost mutation: You have large cloven feet. [potion of
                  | mutation]
 53045 | Vaults:2 | Gained mutation: You are strong-willed. (Will+) [potion of
                  | mutation]
 53045 | Vaults:2 | Gained mutation: Armour fits poorly on your strangely
                  | shaped body. [potion of mutation]
 53045 | Vaults:2 | Lost mutation: You are frail. (-10% HP) [potion of
                  | mutation]
 53384 | Vaults:3 | Reached XP level 20. HP: 164/164 MP: 27/27
 53418 | Vaults:3 | Found Rulion's General Store.
 53421 | Vaults:3 | Bought a potion of heal wounds for 100 gold pieces
 53619 | Vaults:3 | Identified the +12 arbalest of Enormous Defence {penet,
                  | rElec}
 53676 | Vaults:3 | HP: 41/164 [vault warden/+0 glaive (22)]
 54039 | Vaults:3 | Reached skill level 16 in Dodging
 54225 | Vaults:3 | Found a staircase to the Crypt.
 54225 | Vaults:3 | Found a basalt altar of Yredelemnul.
 54325 | Vaults:3 | Reached skill level 15 in Stealth
 54383 | Vaults:3 | Found an ancient bone altar of Kikubaaqudgha.
 54448 | Vaults:3 | Reached skill level 16 in Stealth
 55196 | D:14     | Bought a +5 ring of evasion for 504 gold pieces
 55612 | Vaults:4 | Reached skill level 17 in Fighting
 56195 | Vaults:4 | Reached ****** piety under Jiyva
 56195 | Vaults:4 | Lost mutation: You are strong-willed. (Will+) [Jiyva's
                  | grace]
 56195 | Vaults:4 | Lost mutation: Your rubbery body absorbs attacks. (AC +1,
                  | EV +1) [Jiyva's grace]
 56195 | Vaults:4 | Gained mutation: You have large cloven feet. [Jiyva's
                  | grace]
 56195 | Vaults:4 | Gained mutation: You have hoof-like feet. [Jiyva's grace]
 56195 | Vaults:4 | Gained mutation: You have hooves in place of feet. [Jiyva's
                  | grace]
 56195 | Vaults:4 | Gained mutation: Your body has grown many eyes which may
                  | confuse attackers. (Acc +5) [Jiyva's grace]
 56662 | Slime:1  | Entered Level 1 of the Pits of Slime
 56720 | Slime:5  | Entered Level 5 of the Pits of Slime
 56720 | Slime:5  | Found the sphere of Battle
 56739 | Slime:5  | You pick up a book of the Earth and begin reading...
 56739 | Slime:5  | You add the spells Leda's Liquefaction, Lee's Rapid
                  | Deconstruction and Leda's Unmaking to your library.
 56741 | Slime:5  | You add the spells Inner Flame and Polar Vortex to your
                  | library.
 56741 | Slime:5  | Got the Tome of Weird Freezing
 56747 | Slime:5  | Found a viscous altar of Jiyva.
 56751 | Slime:5  | Identified the +3 leather armour "Vearir" {Str-2 Int+6}
 56756 | Slime:5  | Identified the +3 shortbow of Immorality {drain, Int+3
                  | Stlth+}
 56767 | Slime:5  | Identified the +0 pair of gloves of the Neverending Ships
                  | {rElec Str+2}
 56785 | Slime:5  | Identified the staff "Wudoh" {rElec SInv Air}
 56801 | Slime:5  | Identified the +0 rapier of Zost {spect, *Corrode rElec
                  | rN++}
 56814 | Slime:5  | Got a slimy rune of Zot
 56830 | Slime:5  | Noticed the Royal Jelly
 56831 | Slime:5  | Identified the +4 quarterstaff of Patience {holy, +Blink
                  | rPois Str+6 Dex-4}
 57715 | Vaults:4 | You are cast into the Abyss!
 57715 | Abyss:2  | Cast into level 2 of the Abyss (a wizard)
 57897 | Abyss:2  | Reached skill level 18 in Fighting
 58211 | Abyss:2  | Noticed a bone dragon
 58247 | Abyss:2  | Killed a bone dragon
 58354 | Abyss:2  | Lost mutation: Your body has grown many eyes which may
                  | confuse attackers. (Acc +5) [Jiyva's grace]
 58354 | Abyss:2  | Gained mutation: Your translucent skin slightly reduces
                  | your foes' accuracy. (Stealth+) [Jiyva's grace]
 58354 | Abyss:2  | Gained mutation: Your translucent skin reduces your foes'
                  | accuracy. (Stealth+) [Jiyva's grace]
 58354 | Abyss:2  | Gained mutation: Your transparent skin significantly
                  | reduces your foes' accuracy. (Stealth+) [Jiyva's grace]
 58354 | Abyss:2  | Gained mutation: Your flesh is cold resistant. (rC+)
                  | [Jiyva's grace]
 58453 | Vaults:4 | You pass through the gate.
 58453 | Vaults:4 | Escaped the Abyss
 59223 | Elf:1    | Found Haugeama's Book Boutique.
 59223 | Elf:1    | Found Icsu's Jewellery Emporium.
 59224 | Elf:1    | Found Tipanuri's Jewellery Emporium.
 59348 | Elf:1    | Got the Anthology of the Undead
 59415 | Elf:1    | magus.rc [v1.9.6]
 59605 | Elf:2    | Reached XP level 21. HP: 176/178 MP: 28/28
 59708 | Elf:2    | Found a runed translucent gate.
 59708 | Elf:2    | Found a runed translucent gate.
 59708 | Elf:2    | Found a runed translucent gate.
 59762 | Elf:2    | Identified the +9 kite shield of the Wary Ghosts {Str+2
                  | Dex-5 SInv}
 59762 | Elf:2    | Noticed Asterion
 59800 | Elf:2    | Killed Asterion
 59832 | Elf:2    | Reached skill level 19 in Fighting
 59993 | Elf:3    | Entered Level 3 of the Elven Halls
 60002 | Elf:3    | Identified the +1 cloak of Madaluew {Contam rC+ Dex+4}
 60046 | Elf:3    | Noticed Roxanne
 60663 | Elf:3    | Found Monwizoz's Antique Weapon Emporium.
 60902 | Elf:3    | You are cast into the Abyss!
 60902 | Abyss:3  | Found a corrupted altar of Lugonu.
 60902 | Abyss:3  | Cast into level 3 of the Abyss (a deep elf sorcerer)
 60980 | Abyss:3  | Lost mutation: You have hooves in place of feet. [Jiyva's
                  | grace]
 60980 | Abyss:3  | Lost mutation: Armour fits poorly on your strangely shaped
                  | body. [Jiyva's grace]
 60980 | Abyss:3  | Gained mutation: You possess an exceptional clarity of
                  | mind. [Jiyva's grace]
 60980 | Abyss:3  | Gained mutation: Your mind is acute. (Int +4, Str/Dex -1)
                  | [Jiyva's grace]
 60980 | Abyss:3  | Gained mutation: Your mind is very acute. (Int +8, Str/Dex
                  | -2) [Jiyva's grace]
 60980 | Abyss:3  | Gained mutation: You are strong-willed. (Will+) [Jiyva's
                  | grace]
 61217 | Abyss:3  | Found a corrupted altar of Lugonu.
 61286 | Abyss:3  | Found a corrupted altar of Lugonu.
 61314 | Abyss:3  | Found a corrupted altar of Lugonu.
 61333 | Elf:3    | You pass through the gate.
 61333 | Elf:3    | Escaped the Abyss
 61352 | Elf:3    | Reached skill level 20 in Fighting
 61762 | Elf:3    | Reached skill level 9 in Evocations
 62067 | Elf:3    | Identified the +5 rapier of Dithmenos's Hatred {flame,
                  | *Slow rElec rN+ Str+8}
 62192 | Elf:3    | Identified the staff of Arrival {rElec Str+3 Int+2 Stlth+
                  | Air}
 62350 | Elf:3    | Reached skill level 10 in Evocations
 62491 | Elf:3    | You add the spells Freeze and Flame Wave to your library.
 62491 | Elf:3    | Got the Meditations on Hot Frost
 62612 | Elf:1    | Bought the ring "Mevaed" {AC+4 Dex+5} for 963 gold pieces
 62909 | Depths:1 | Entered Level 1 of the Depths
 62911 | Depths:1 | Reached skill level 4 in Spellcasting
 63023 | Depths:1 | Found Niucorgh's Neck Hole.
 63155 | D:15     | Reached skill level 5 in Spellcasting
 63389 | Depths:1 | Reached skill level 6 in Spellcasting
 63554 | Depths:1 | Found a gateway to Hell.
 64243 | Depths:2 | Reached skill level 13 in Armour
 64405 | Depths:2 | Reached XP level 22. HP: 190/190 MP: 31/31
 64684 | Depths:2 | Noticed Nikola
 64685 | Depths:2 | Lost mutation: You have hoof-like feet. [Jiyva's grace]
 64685 | Depths:2 | Lost mutation: You possess an exceptional clarity of mind.
                  | [Jiyva's grace]
 64685 | Depths:2 | Lost mutation: Your mind is very acute. (Int +8, Str/Dex
                  | -2) [Jiyva's grace]
 64685 | Depths:2 | Lost mutation: Your flesh is cold resistant. (rC+) [Jiyva's
                  | grace]
 64685 | Depths:2 | Lost mutation: Your transparent skin significantly reduces
                  | your foes' accuracy. (Stealth+) [Jiyva's grace]
 64685 | Depths:2 | Gained mutation: You have a pair of small antennae on your
                  | head. [Jiyva's grace]
 64685 | Depths:2 | Gained mutation: You have a pair of antennae on your head.
                  | [Jiyva's grace]
 64685 | Depths:2 | Gained mutation: You have a pair of large antennae on your
                  | head. (SInv) [Jiyva's grace]
 64685 | Depths:2 | Gained mutation: You are covered in slimy tendrils that may
                  | disarm your opponents. [Jiyva's grace]
 64716 | Depths:2 | Killed Nikola
 64873 | Depths:2 | Found a burning altar of Makhleb.
 64873 | Depths:2 | Found a hide-covered altar of Uskayaw.
 64875 | Depths:2 | Found a shimmering altar of Xom.
 64875 | Depths:2 | Found a shimmering altar of Xom.
 64875 | Depths:2 | Found a hazy altar of Hepliaklqana.
 64968 | Depths:2 | Noticed a golden dragon
 64982 | Depths:2 | Killed a golden dragon
 65013 | Depths:2 | Reached skill level 14 in Armour
 65046 | Depths:2 | You pick up a book of Vapours and begin reading...
 65460 | Depths:3 | Found a one-way gate to the infinite horrors of the Abyss.
 65610 | Depths:3 | Found a one-way gateway to a ziggurat.
 65615 | Depths:3 | Noticed Boris
 65667 | Depths:3 | Reached skill level 17 in Dodging
 65818 | Depths:3 | Killed Boris
 66210 | Depths:3 | Reached skill level 18 in Dodging
 66229 | Depths:3 | Reached skill level 1 in Transmutations
 66265 | Depths:3 | Found The Oracle's Delphic Readings.
 66363 | Depths:4 | Entered Level 4 of the Depths
 66365 | Depths:4 | Found Fett's Assorted Antiques.
 66372 | Depths:4 | Noticed a golden dragon
 66402 | Depths:3 | Reached skill level 2 in Transmutations
 66775 | Elf:1    | Bought a book of Changes for 270 gold pieces
 66775 | Elf:1    | You pick up a book of Changes and begin reading...
 66775 | Elf:1    | You add the spells Wereblood and Irradiate to your library.
 66778 | Elf:1    | Learned a level 2 spell: Wereblood
 67186 | Depths:3 | Killed a golden dragon
 67187 | Depths:3 | Reached skill level 3 in Transmutations
 67240 | Depths:4 | Found Zethroj's Armour Boutique.
 67270 | Depths:4 | Reached skill level 4 in Transmutations
 67278 | Depths:4 | Found Qaruux's Antique Weapon Boutique.
 67278 | Depths:4 | Found Oluc's Magic Scroll Shop.
 67284 | Depths:4 | Found Jewulo's Antique Armour Shop.
 67379 | Depths:3 | Found the +0 pair of fencer's gloves {Riposte Dex+3}
 67441 | Depths:4 | Reached skill level 5 in Transmutations
 67606 | Depths:4 | Reached skill level 6 in Transmutations
 67612 | Depths:4 | Learned a level 5 spell: Irradiate
 67746 | Depths:4 | Reached skill level 7 in Transmutations
 67759 | Depths:4 | Noticed Margery
 67805 | Depths:4 | Killed Margery
 67828 | Depths:4 | Reached skill level 8 in Transmutations
 67908 | Depths:4 | Reached skill level 9 in Transmutations
 67914 | Depths:4 | E - a +0 vampiric quick blade {shortrare=g}
 67988 | Depths:4 | Found a gate to the Realm of Zot.
 68550 | Depths:3 | Identified +7 gold dragon scales
 68550 | Depths:3 | Noticed Parghit
 68577 | Depths:3 | Killed Parghit
 68579 | Depths:3 | 2 large rocks {=fthrowing}; +7 gold dragon scales {rare};
                  | the troll corpse of Parghit
 68579 | Depths:3 | R - +7 gold dragon scales {rare}
 68966 | Vaults:4 | Upgraded the game from 0.31-a0-744-gbc345e7fcb to
                  | 0.31-a0-750-gfe7b580527
 68966 | Vaults:4 | magus.rc [v1.9.6]
 69003 | Vaults:5 | Entered Level 5 of the Vaults
 69022 | Vaults:4 | Reached skill level 10 in Transmutations
 69027 | Vaults:4 | Reached XP level 23. HP: 196/196 MP: 32/32
 69046 | Vaults:4 | Reached skill level 1 in Conjurations
 69107 | Vaults:4 | Reached skill level 2 in Conjurations
 69194 | Vaults:4 | Reached skill level 3 in Conjurations
 69298 | Vaults:4 | Reached skill level 4 in Conjurations
 69420 | Vaults:5 | Reached skill level 5 in Conjurations
 69524 | Vaults:5 | Noticed a dread lich
 69546 | Vaults:5 | Killed a dread lich
 69547 | Vaults:5 | Reached skill level 6 in Conjurations
 69944 | Vaults:5 | Identified the ring of Zarghunil {rPois MP+9 AC+4 Str-5
                  | Int+6}
 69958 | Vaults:5 | Reached skill level 11 in Transmutations
 70001 | Vaults:5 | Reached skill level 7 in Conjurations
 70021 | Vaults:5 | Noticed an ancient lich
 70033 | Vaults:5 | Killed an ancient lich
 70106 | Vaults:5 | Reached skill level 12 in Transmutations
 70150 | Vaults:5 | You pick up a book of Decay and begin reading...
 70154 | Vaults:5 | Identified the +1 pair of gloves "Urchah" {Will+ SInv}
 70362 | Vaults:5 | Reached skill level 7 in Spellcasting
 70584 | Vaults:5 | Reached skill level 8 in Spellcasting
 70620 | Vaults:5 | Identified a +0 crystal plate armour
 70660 | Vaults:5 | V - a +0 crystal plate armour {rare=g}
 70685 | Vaults:5 | Identified the +6 morningstar of the Lamprey {flame, Drain
                  | rPois Str+6 Dex-2}
 70715 | Vaults:5 | Lost mutation: You are covered in slimy tendrils that may
                  | disarm your opponents. [Jiyva's grace]
 70715 | Vaults:5 | Gained mutation: You have a small jelly attached to you
                  | that senses nearby items. [Jiyva's grace]
 70715 | Vaults:5 | Gained mutation: Your muscles are strong. (Str +4, Int/Dex
                  | -1) [Jiyva's grace]
 70715 | Vaults:5 | Gained mutation: Your muscles are very strong. (Str +8,
                  | Int/Dex -2) [Jiyva's grace]
 70715 | Vaults:5 | Gained mutation: You possess an exceptional clarity of
                  | mind. [Jiyva's grace]
 70790 | Vaults:5 | You pick up a book of Annihilations and begin reading...
 70790 | Vaults:5 | You add the spells Chain Lightning, Fire Storm and Shatter
                  | to your library.
 70863 | Vaults:5 | Noticed a dread lich
 70944 | Vaults:5 | Killed a dread lich
 70945 | Vaults:5 | Reached skill level 13 in Transmutations
 71036 | Vaults:5 | Got a silver rune of Zot
 71043 | Vaults:5 | You drop a +0 vampiric quick blade {shortrare=g}.
 71291 | Vaults:5 | You drop +7 gold dragon scales {rare}.
 71292 | Vaults:5 | You drop a +0 crystal plate armour {rare=g}.
 71826 | Snake:4  | Bought a book of Misfortune for 504 gold pieces
 71826 | Snake:4  | You pick up a book of Misfortune and begin reading...
 71826 | Snake:4  | You add the spells Yara's Violent Unravelling and Enfeeble
                  | to your library.
 71832 | Snake:4  | Learned a level 5 spell: Yara's Violent Unravelling
 72296 | Zot:1    | Entered Level 1 of the Realm of Zot
 72311 | Zot:1    | Reached skill level 1 in Hexes
 72340 | Depths:4 | Reached skill level 2 in Hexes
 72365 | Zot:1    | Reached skill level 3 in Hexes
 72477 | Zot:1    | Reached skill level 4 in Hexes
 72486 | Zot:1    | Found a transporter.
 72505 | Zot:1    | Found a transporter.
 72539 | Zot:1    | Noticed an orb of fire
 72541 | Zot:1    | Gained mutation: Armour fits poorly on your strangely
                  | shaped body. [an orb of fire]
 72550 | Zot:1    | Lost mutation: Your mind is acute. (Int +4, Str/Dex -1) [an
                  | orb of fire]
 72552 | Zot:1    | Killed an orb of fire
 72553 | Zot:1    | Reached skill level 5 in Hexes
 72554 | Zot:1    | Reached skill level 6 in Hexes
 72554 | Zot:1    | Reached XP level 24. HP: 204/204 MP: 35/35
 72581 | Zot:1    | Reached skill level 7 in Hexes
 72612 | Zot:1    | Reached skill level 8 in Hexes
 72665 | Zot:1    | Reached skill level 9 in Hexes
 72681 | Zot:1    | HP: 42/204 [rime drake/icy flash freeze[a purple draconian
                  | shifter] (12)]
 72915 | Zot:1    | Reached skill level 10 in Hexes
 72919 | Zot:1    | Learned a level 3 spell: Sigil of Binding
 74022 | Zot:2    | Reached skill level 8 in Conjurations
 74040 | Zot:2    | Noticed a curse toe
 74336 | Zot:3    | Identified +0 gold dragon scales
 74338 | Zot:3    | +0 gold dragon scales {rare}; a golden dragon corpse
 74474 | Zot:3    | Reached skill level 9 in Conjurations
 74670 | Zot:3    | Reached skill level 10 in Conjurations
 75032 | Zot:3    | Lost mutation: You possess an exceptional clarity of mind.
                  | [Jiyva's grace]
 75032 | Zot:3    | Lost mutation: Armour fits poorly on your strangely shaped
                  | body. [Jiyva's grace]
 75032 | Zot:3    | Gained mutation: You passively map a small area around you.
                  | [Jiyva's grace]
 75032 | Zot:3    | Gained mutation: You passively map the area around you.
                  | [Jiyva's grace]
 75032 | Zot:3    | Gained mutation: You passively map a large area around you.
                  | [Jiyva's grace]
 75032 | Zot:3    | Gained mutation: You have acidic saliva. [Jiyva's grace]
 75323 | Zot:5    | Entered Level 5 of the Realm of Zot
 75327 | Zot:4    | Noticed a curse toe
 75330 | Zot:5    | magus.rc [v1.9.6]
 75338 | Zot:5    | Noticed a Killer Klown
 75370 | Zot:5    | Killed a Killer Klown
 75468 | Zot:5    | Reached skill level 21 in Fighting
 75781 | Zot:5    | Noticed a Killer Klown
 75815 | Zot:5    | Killed a Killer Klown
 75821 | Zot:5    | magus.rc [v1.9.6]
 75967 | Depths:4 | Bought a potion of heal wounds for 155 gold pieces
 75967 | Depths:4 | Bought a potion of might for 124 gold pieces
 75967 | Depths:4 | Bought a potion of curing for 93 gold pieces
 76119 | Zot:5    | Noticed an orb of fire
 76132 | Zot:5    | Gained mutation: Armour fits poorly on your strangely
                  | shaped body. [an orb of fire]
 76138 | Zot:5    | Noticed a curse toe
 76140 | Zot:5    | Lost mutation: Your muscles are very strong. (Str +8,
                  | Int/Dex -2) [an orb of fire]
 76144 | Zot:5    | Killed an orb of fire
 76145 | Zot:5    | Reached skill level 11 in Evocations
 76158 | Zot:5    | Killed a curse toe
 76159 | Zot:5    | Reached XP level 25. HP: 214/214 MP: 35/35
 76174 | Zot:5    | Noticed an orb of fire
 76219 | Zot:5    | Killed an orb of fire
 76245 | Zot:5    | +0 shadow dragon scales {rare}; a +0 long sword {long}; a
                  | shadow dragon corpse
 76247 | Zot:5    | +0 shadow dragon scales {rare}; a +0 long sword {long}; a
                  | shadow dragon corpse
 76261 | Zot:5    | +0 shadow dragon scales {rare}; a shadow dragon corpse
 76302 | Zot:5    | Noticed a dread lich
 76306 | Zot:5    | Noticed a Killer Klown
 76340 | Zot:5    | Killed a Killer Klown
 76349 | Zot:5    | Noticed an ancient lich
 76357 | Zot:5    | Noticed a Killer Klown
 76362 | Zot:5    | Noticed a dread lich
 76362 | Zot:5    | Noticed a dread lich
 76364 | Zot:5    | Killed an ancient lich
 76365 | Zot:5    | Reached skill level 12 in Evocations
 76369 | Zot:5    | Killed a dread lich
 76378 | Zot:5    | Killed a dread lich
 76394 | Zot:5    | Killed a Killer Klown
 76397 | Zot:5    | Killed a dread lich
 76420 | Zot:5    | Noticed an electric golem
 76432 | Zot:5    | Noticed a curse toe
 76434 | Zot:5    | Reached skill level 13 in Evocations
 76454 | Zot:5    | Killed a curse toe
 76566 | Zot:5    | Killed an electric golem
 76700 | Zot:5    | Noticed an electric golem
 76712 | Zot:5    | Noticed a dread lich
 76732 | Zot:5    | Killed a dread lich
 76733 | Zot:5    | Reached skill level 14 in Evocations
 76803 | Zot:5    | Killed an electric golem
 76987 | Zot:5    | Noticed a Killer Klown
 76987 | Zot:5    | Noticed an orb of fire
 76988 | Zot:5    | Noticed a curse toe
 77016 | Zot:5    | Noticed a Killer Klown
 77039 | Zot:5    | Gained mutation: You occasionally lose the ability to read
                  | scrolls when taking damage. [an orb of fire]
 77040 | Zot:5    | Killed an orb of fire
 77041 | Zot:5    | Reached skill level 15 in Evocations
 77068 | Zot:5    | Got the Orb of Zot
 77100 | Zot:5    | Gained mutation: You sometimes lose your temper in combat.
                  | [a neqoxec]
 77507 | D:14     | Identified +2 pearl dragon scales
 77507 | D:14     | Noticed a seraph
 77882 | D:$      | Escaped with the Orb!

Vanquished Creatures
  2 ancient liches
  7 dread liches
  4 orbs of fire
  3 Killer Klowns (Zot:5)
  Boris (Depths:3)
  Saint Roka (Vaults:1)
  the Lernaean hydra (Swamp:4)
  A curse toe (Zot:5)
  Margery (Depths:4)
  10 golden dragons
  4 bone dragons
  Nikola (Depths:2)
  2 electric golems (Zot:5)
  A Brimstone Fiend (D:10)
  A Hell Sentinel (D:10)
  14 tentacled monstrosities
  Asterion (Elf:2)
  7 liches
  2 deep elf blademasters
  23 Orb Guardians
  3 quicksilver dragons
  10 titans
  2 ancient champions (Depths:4)
  6 sphinxes
  A thorn hunter (Swamp:1)
  5 deep elf master archers
  Gastronok (Lair:1)
  A tentacled starspawn (Elf:3)
  Agnes (Elf:1)
  6 tengu reavers
  6 death cobs
  Aizul (Snake:2)
  17 storm dragons
  9 nagarajas (Snake:4)
  7 shadow dragons
  2 draconian knights
  A fenstrider witch (Swamp:4)
  6 draconian monks
  17 fire giants
  7 deep elf sorcerers (Elf:3)
  4 deep elf elementalists (Elf:3)
  A juggernaut zombie (WizLab)
  4 frost giants
  19 vault wardens
  An angel (D:13)
  5 draconian shifters
  5 draconian scorchers
  A balrug (D:10)
  3 ghost moths
  2 iron dragons
  4 draconian stormcallers
  17 stone giants
  4 orc warlords
  A demonspawn blood saint (D:10)
  5 draconian annihilators
  2 spriggan defenders (Depths:4)
  6 war gargoyles
  21 ironbound preservers
  12 very ugly things
  Nessos (Lair:3)
  A demonspawn black sun (D:10)
  A lorocyproca (Abyss:3)
  5 eleionomae
  5 deep elf demonologists
  7 green draconians
  5 ironbound thunderhulks
  5 purple draconians
  3 deep elf annihilators (Elf:3)
  2 minotaurs
  6 dire elephants (Vaults:3)
  Azrael (Elf:1)
  15 black draconians
  16 yellow draconians
  5 bunyips
  11 red draconians
  The ghost of Eqamn the Fighter, a journeyman DrCj of Vehumet (Lair:3)
  11 white draconians
  8 spark wasps (Depths:4)
  2 mummy priests (WizLab)
  A shambling mangrove (Swamp:2)
  A merfolk javelineer (Swamp:1)
  3 blizzard demons
  4 crystal guardians
  7 deep elf death magi
  10 ettins
  8 fire dragons
  2 jiangshi (Depths:1)
  An entropy weaver (D:14)
  6 deep elf high priests
  A salamander tyrant (Snake:2)
  11 yaktaur captains
  3 rakshasas
  33 vault guards
  29 hydras
  8 ice dragons
  4 ghost crabs
  A caustic shrike simulacrum (IceCv)
  3 ogre magi
  3 hell beasts
  6 spriggan air magi
  6 peacekeepers
  2 death knights
  2 demonspawn (Orc:2)
  13 ironbound frosthearts
  2 sphinx zombies
  7 boulder beetles
  9 alligators
  2 catoblepae
  16 dancing weapons
  14 centaur warriors
  11 anacondas
  7 two-headed ogres
  A vampire mage (Depths:1)
  21 tengu warriors
  3 deep troll shamans
  A demonic crawler (D:4)
  7 shock serpents
  18 naga warriors
  13 deep troll earth magi
  8 spriggan berserkers
  6 starcursed masses
  4 soul eaters
  9 orc high priests
  5 naga sharpshooters
  16 deep elf knights
  9 iron trolls
  A fire crab (D:10)
  A skyshark (Lair:4)
  A sun demon (Depths:1)
  20 spriggans
  5 hell knights (Depths:4)
  2 sixfirhies
  3 wretched stars
  A titan skeleton (Depths:1)
  6 salamander mystics
  5 goliath frogs
  2 spark wasp zombies (WizLab)
  5 spriggan druids
  A storm dragon skeleton (Vaults:4)
  4 flayed ghosts
  8 sea snakes
  A quicksilver dragon simulacrum (Depths:2)
  6 naga ritualists
  17 bog bodies
  51 deep trolls
  4 lindwurms
  9 swamp dragons
  15 deep elf archers
  2 obsidian statues
  7 orc knights
  5 wizards
  3 spriggan simulacra
  6 necromancers
  6 phantasmal warriors
  10 mana vipers
  11 ironbound convokers
  A stone giant zombie (Vaults:1)
  15 deep elf zephyrmancers
  2 fire giant zombies
  29 deep elf pyromancers
  8 orc sorcerers
  2 wolf spiders
  An iron dragon skeleton (Depths:1)
  9 manticores
  2 will-o-the-wisps (Swamp:1)
  23 moths of wrath
  2 worldbinders (Abyss:2)
  8 cyclopes
  17 salamanders
  31 ugly things
  3 rust devils
  11 guardian serpents
  28 black mambas
  17 naga magi
  14 elephants
  2 demonspawn zombies (WizLab)
  18 vault sentinels
  2 orange demons (Orc:2)
  A cane toad (shapeshifter) (Vaults:3)
  2 gargoyles
  5 smoke demons
  3 rime drakes
  14 cane toads
  2 spriggan zombies (WizLab)
  An unseen horror (D:10)
  24 freezing wraiths
  2 kobold demonologists (D:12)
  An efreet (D:15)
  34 yaktaurs
  3 yaktaur zombies
  3 anaconda simulacra (IceCv)
  3 ice devils
  10 komodo dragons
  3 guardian mummies (WizLab)
  A bloated husk (Swamp:1)
  4 ancient zymes
  8 tengu conjurers
  Grinder (D:6)
  8 trolls
  3 merfolk (Swamp:1)
  7 tyrant leeches
  23 hornets
  9 large abominations
  8 raiju
  A great orb of eyes zombie (Vaults:1)
  A hornet (shapeshifter) (D:12)
  5 polar bears
  11 blink frogs
  A dream sheep (shapeshifter) (D:15)
  13 slime creatures
  5 flying skulls (Abyss:2)
  A deep troll zombie (WizLab)
  2 human simulacra (Vaults:3)
  A centaur simulacrum (D:14)
  6 wraiths
  A shadow (D:11)
  3 air elementals
  A water elemental (Elf:2)
  14 wyverns
  A dire elephant simulacrum (IceCv)
  8 fire elementals
  8 basilisks
  28 yaks
  10 vampire mosquitoes
  2 redbacks (Lair:5)
  6 neqoxecs
  3 chaos spawn
  9 wargs
  A minotaur simulacrum (IceCv)
  A steam dragon (D:6)
  5 acid dragons
  13 swamp worms
  3 glowing shapeshifter zombies
  5 harpy simulacra (IceCv)
  51 nagas
  A hydra simulacrum (IceCv)
  7 hell hounds
  30 water moccasins
  11 swamp drakes
  An ettin simulacrum (IceCv)
  44 orc warriors
  A hornet zombie (D:6)
  19 ogres
  4 black bears (Lair:2)
  2 sky beasts (D:7)
  3 small abominations (Abyss:2)
  17 wolves
  A boggart (D:14)
  6 centaurs
  2 human skeletons (Vaults:4)
  A phantom (D:5)
  5 elf zombies (Elf:1)
  5 kobold brigands
  15 bullfrogs
  3 gnoll sergeants
  2 scorpions (D:5)
  An earth elemental (Elf:1)
  A deep troll simulacrum (IceCv)
  13 wights
  4 killer bees
  6 lindwurm simulacra (IceCv)
  4 electric eels
  4 howler monkeys
  3 centaur zombies (D:6)
  3 bullfrog zombies (D:6)
  A quasit (Abyss:2)
  2 jellies
  6 hounds
  31 orc priests
  Jessica (D:3)
  6 iguanas
  4 hell rats (Lair:5)
  21 orc wizards
  5 polar bear simulacra (D:9)
  2 wolf simulacra (D:9)
  A yak simulacrum (D:9)
  13 gnolls
  17 adders
  A shadow imp (D:6)
  2 white imps
  A worm (D:5)
  75 orcs
  8 bats
  14 endoplasms
  4 giant cockroaches
  10 goblins
  9 hobgoblins
  7 jackals
  31 kobolds
  4 quokkas
  7 ball pythons
  6 frilled lizards
  11 rats
  3 river rat simulacra (D:9)
2169 creatures vanquished.

Vanquished Creatures (collateral kills)
  Parghit (Depths:3)
  A curse toe (Zot:5)
  A Brimstone Fiend (Zot:5)
  2 Orb Guardians (Zot:5)
  A lich (Vaults:5)
  A stone giant (Depths:2)
  A deep elf annihilator (Elf:3)
  A green death (Depths:1)
  An earth elemental (Elf:2)
10 creatures vanquished.

Vanquished Creatures (others)
  A Killer Klown (Zot:5)
  A fire giant (Depths:3)
  A deep elf sorcerer (Elf:3)
  A frost giant (Swamp:1)
  2 formless jellyfish
  A stone giant (Depths:2)
  3 ironbound thunderhulks
  A deep elf annihilator (Elf:3)
  5 great orbs of eyes
  2 yaktaur captains (Vaults:2)
  The ghost of Samael12321 the Covert, a journeyman SpCj of Ashenzari (Lair:2)
  A hydra (Swamp:3)
  2 ironbound frosthearts
  2 hell hogs (Depths:1)
  5 centaur warriors
  2 hell knights (Depths:1)
  4 deep elf knights (Elf:3)
  2 glowing orange brains
  2 deep trolls
  A wretched star (Abyss:2)
  A necromancer (Vaults:4)
  2 wizards
  An ironbound convoker (Vaults:4)
  An ugly thing (Vaults:1)
  A moth of wrath (Zot:5)
  3 vault sentinels
  2 smoke demons (Depths:1)
  An unseen horror (D:10)
  3 yaktaurs (Vaults:2)
  A bloated husk (Swamp:2)
  24 slime creatures
  A slime creature (shapeshifter) (Vaults:5)
  A neqoxec (Depths:2)
  A ynoxinul (Abyss:2)
  6 golden eyes (Abyss:2)
  3 floating eyes (Depths:3)
  An entropy weaver zombie (Vaults:4)
  A floating eye (shapeshifter) (Depths:4)
  An ogre (shapeshifter) (Depths:1)
  223 jellies
  An orc priest (Orc:1)
  An orc (Orc:1)
  17 foxfires (Swamp:1)
  4 starspawn tentacles (Elf:3)
341 creatures vanquished.

Grand Total: 2520 creatures vanquished

Table legend:
 A = Non-vault XP
 B = Vault XP
 C = Vault XP percentage of total XP
 D = Non-vault monster count
 E = Vault monster count
 F = Vault count percentage of total count
                 A         B        C        D         E       F
            +---------+---------+-------+---------+---------+-------
      Total |  692233 |  552889 |  44.4 |    1328 |     768 |  36.6
            +---------+---------+-------+---------+---------+-------
        D:1 |      48 |       0 |   0.0 |      29 |       0 |   0.0
        D:2 |      41 |      26 |  38.8 |      21 |       8 |  27.6
        D:3 |     252 |      37 |  12.8 |      22 |       1 |   4.3
        D:4 |     177 |       0 |   0.0 |      24 |       0 |   0.0
        D:5 |     453 |     957 |  67.9 |      21 |      17 |  44.7
        D:6 |     831 |     708 |  46.0 |      19 |       8 |  29.6
        D:7 |     581 |       0 |   0.0 |      10 |       0 |   0.0
        D:8 |    3019 |     193 |   6.0 |      32 |       1 |   3.0
        D:9 |    1701 |    4401 |  72.1 |      30 |      19 |  38.8
       D:10 |    1668 |    6963 |  80.7 |       8 |      19 |  70.4
       D:11 |    3085 |       0 |   0.0 |       8 |       0 |   0.0
       D:12 |    5251 |   10348 |  66.3 |      21 |      24 |  53.3
       D:13 |    4280 |    1118 |  20.7 |      11 |       3 |  21.4
       D:14 |   10313 |    7883 |  43.3 |      19 |      13 |  40.6
       D:15 |   19240 |    1895 |   9.0 |      37 |       4 |   9.8
     Lair:1 |    3469 |    1775 |  33.8 |      17 |       3 |  15.0
     Lair:2 |    7207 |    2768 |  27.7 |      26 |      12 |  31.6
     Lair:3 |    8682 |    2491 |  22.3 |      26 |       5 |  16.1
     Lair:4 |    9367 |       0 |   0.0 |      28 |       0 |   0.0
     Lair:5 |    9520 |    9687 |  50.4 |      37 |      35 |  48.6
    Swamp:1 |   18612 |       0 |   0.0 |      30 |       0 |   0.0
    Swamp:2 |   12261 |       0 |   0.0 |      19 |       0 |   0.0
    Swamp:3 |   12233 |     414 |   3.3 |      25 |       3 |  10.7
    Swamp:4 |   12886 |   22331 |  63.4 |      23 |      33 |  58.9
    Snake:1 |   15459 |       0 |   0.0 |      33 |       0 |   0.0
    Snake:2 |   22682 |    1388 |   5.8 |      41 |       1 |   2.4
    Snake:3 |   11876 |       0 |   0.0 |      25 |       0 |   0.0
    Snake:4 |   18684 |   31542 |  62.8 |      40 |      47 |  54.0
      Orc:1 |    2714 |    5242 |  65.9 |      24 |      12 |  33.3
      Orc:2 |    6557 |   17725 |  73.0 |      49 |      61 |  55.5
      Elf:1 |   18916 |    6426 |  25.4 |      33 |      17 |  34.0
      Elf:2 |   10852 |    3428 |  24.0 |      19 |       3 |  13.6
      Elf:3 |   22491 |   33359 |  59.7 |      35 |      30 |  46.2
   Vaults:1 |   25023 |   21222 |  45.9 |      36 |      34 |  48.6
   Vaults:2 |   16507 |    5158 |  23.8 |      28 |       8 |  22.2
   Vaults:3 |   19841 |   19296 |  49.3 |      29 |      23 |  44.2
   Vaults:4 |   10942 |   63384 |  85.3 |      16 |      78 |  83.0
   Vaults:5 |   17529 |   89153 |  83.6 |      16 |      71 |  81.6
   Depths:1 |   26239 |    2623 |   9.1 |      40 |       4 |   9.1
   Depths:2 |   34827 |   15961 |  31.4 |      42 |      18 |  30.0
   Depths:3 |   43074 |    6061 |  12.3 |      50 |       2 |   3.8
   Depths:4 |   25475 |   23178 |  47.6 |      28 |      18 |  39.1
      Zot:1 |   53029 |       0 |   0.0 |      46 |       0 |   0.0
      Zot:2 |   16178 |    2306 |  12.5 |      13 |       2 |  13.3
      Zot:3 |   57875 |    2820 |   4.6 |      48 |       2 |   4.0
      Zot:4 |    2530 |       0 |   0.0 |       1 |       0 |   0.0
      Zot:5 |   40567 |   93931 |  69.8 |      36 |      39 |  52.0
    Abyss:2 |   17124 |       0 |   0.0 |      38 |       0 |   0.0
    Abyss:3 |    9587 |       0 |   0.0 |      18 |       0 |   0.0
     Bailey |       0 |    1536 | 100.0 |       0 |      21 | 100.0
      IceCv |       0 |   19316 | 100.0 |       0 |      51 | 100.0
     WizLab |       0 |   13839 | 100.0 |       0 |      18 | 100.0
      Arena |     478 |       0 |   0.0 |       1 |       0 |   0.0
            +---------+---------+-------+---------+---------+-------

Skill      XL: |  1  2  3  4  5  6  7  8  9 10 11 12 13 14 15 16 17 18 19 20 21 22 23 24 25 |
---------------+----------------------------------------------------------------------------+-----
Air Magic      | 5 |  5.1
Polearms       | 1 3 4 6 7 8 10 12 14 | 14.0
Fighting       | 6 8 13 14 16 18 20 21 | 21.1
Armour         | 4 6 8 10 12 13 14 | 14.0
Dodging        | 4 5 12 13 15 16 18 | 18.0
Shields        | 6 9 12 13 14 | 14.0
Invocations    | 6 10 | 10.0
Evocations     | 5 6 8 10 11 15 | 15.7
Spellcasting   | 3 6 8 |  8.0
Stealth        | 12 14 16 | 16.0
Transmutations | 10 13 | 13.1
Conjurations   | 7 10 | 10.0
Hexes          | 6 10 | 10.0
Long Blades    | |  1.0

Action                     |  1- 3 |  4- 6 |  7- 9 | 10-12 | 13-15 | 16-18 | 19-21 | 22-24 | 25-27 || total
---------------------------+-------+-------+-------+-------+-------+-------+-------+-------+-------++-------
  Melee: Falchion          |    30 |       |       |       |       |       |       |       |       ||    30
         Bite              |     4 |     6 |    20 |    92 |   284 |   459 |   781 |   710 |   106 ||  2462
         Trident           |    25 |    79 |   273 |   881 |  1908 |   648 |   191 |       |       ||  4005
         Punch             |       |     1 |     5 |     1 |       |       |       |       |       ||     7
         Headbutt          |       |       |       |       |   155 |       |       |       |       ||   155
         Demon trident     |       |       |       |       |       |  2324 |  3531 |  3375 |   571 ||  9801
         Kick              |       |       |       |       |       |       |   300 |       |       ||   300
         Unarmed           |       |       |       |       |       |       |       |       |     2 ||     2
   Cast: Shock             |    62 |    71 |       |       |       |       |       |       |       ||   133
         Poisonous Vapours |       |     1 |       |       |       |       |       |       |       ||     1
         Wereblood         |       |       |       |       |       |       |       |    16 |       ||    16
         Irradiate         |       |       |       |       |       |       |       |     8 |       ||     8
         Sigil of Binding  |       |       |       |       |       |       |       |     6 |       ||     6
 Invoke: Heroism           |       |       |       |     4 |    22 |    12 |       |       |       ||    38
         Finesse           |       |       |       |       |     1 |     1 |       |       |       ||     2
         Duel              |       |       |       |       |       |     1 |       |       |       ||     1
         Oozemancy         |       |       |       |       |       |       |     2 |     7 |     3 ||    12
Ability: Evoke Blink       |       |       |       |       |       |     9 |       |       |       ||     9
         Exsanguinate      |       |       |       |       |       |       |       |       |     1 ||     1
  Evoke: Wand              |       |       |       |    11 |    13 |    40 |    19 |    14 |     9 ||   106
         Phial of floods   |       |       |       |       |       |     4 |     2 |     1 |       ||     7
         Lightning rod     |       |       |       |       |       |    18 |    15 |     8 |       ||    41
         Box of beasts     |       |       |       |       |       |       |     4 |     2 |     1 ||     7
         Phantom mirror    |       |       |       |       |       |       |     2 |     3 |     1 ||     6
         Condenser vane    |       |       |       |       |       |       |       |       |     1 ||     1
    Use: Scroll            |       |     1 |     9 |     8 |    21 |    16 |     5 |    20 |     1 ||    81
         Potion            |       |       |     1 |     4 |     6 |    29 |     7 |     2 |    14 ||    63
   Stab: Sleeping          |     4 |     3 |       |       |       |       |    12 |     5 |       ||    24
         Distracted        |       |       |     1 |       |       |     3 |    20 |    25 |     5 ||    54
         Paralysed         |       |       |       |     7 |    11 |     3 |    13 |     3 |       ||    37
         Invisible         |       |       |       |       |       |    27 |     4 |       |     2 ||    33
         Confused          |       |       |       |       |       |     2 |    43 |    49 |     3 ||    97
 Armour: Robe              |    29 |     3 |       |       |       |       |       |       |       ||    32
         Leather armour    |       |    41 |    13 |       |       |       |       |       |       ||    54
         Chain mail        |       |       |   206 |   677 |  1090 |   633 |  1310 |   244 |       ||  4160
         Plate armour      |       |       |       |       |       |   957 |       |       |       ||   957
         Fire dragon scale |       |       |       |       |       |       |       |   939 |   203 ||  1142
         Skin              |       |       |       |       |       |       |       |       |     4 ||     4
  Dodge: Dodged            |    34 |    40 |    53 |   184 |   442 |   771 |  1168 |  1290 |   198 ||  4180
  Block: Kite shield       |       |       |       |   275 |   948 |  1423 |  2109 |  2651 |   410 ||  7816

Illustrated notes

Table legend:
 A = Kills in this place as a percentage of kills in the entire game.
 B = Kills by you in this place as a percentage of kills by you in the entire game.
 C = Kills by friends in this place as a percentage of kills by friends in the entire game.
 D = Other kills in this place as a percentage of other kills in the entire game.
 E = Experience gained in this place as a percentage of experience gained in the entire game.
 F = Experience gained in this place divided by the number of levels of this place that you have seen.
                   A       B       C       D       E      F
               +-------+-------+-------+-------+-------+----------------------
         Total | 100.0 | 100.0 | 100.0 | 100.0 | 100.0 | 21817.9
       Dungeon |  20.7 |  21.0 |   0.0 |   0.0 |   7.7 | 6537.7
          Lair |   8.9 |   9.0 |   0.0 |   0.0 |   4.3 | 10993.2
         Swamp |   6.3 |   6.3 |   0.0 |   5.3 |   6.2 | 19684.2
     Snake Pit |   8.8 |   8.9 |   0.0 |   0.0 |   8.0 | 25407.8
  Orcish Mines |   6.9 |   7.0 |   0.0 |   0.0 |   2.5 | 16119.0
   Elven Halls |   6.5 |   6.2 |  20.0 |  26.3 |   7.5 | 31824.0
        Vaults |  16.0 |  15.9 |  10.0 |  26.3 |  22.8 | 57611.0
        Depths |   9.8 |   9.5 |  30.0 |  26.3 |  14.3 | 45135.8
           Zot |   9.2 |   9.1 |  40.0 |   5.3 |  21.6 | 54770.6
         Abyss |   2.6 |   2.6 |   0.0 |  10.5 |   2.1 | 13355.5
        Bailey |   1.0 |   1.0 |   0.0 |   0.0 |   0.1 | 1536.0
      Ice Cave |   2.4 |   2.4 |   0.0 |   0.0 |   1.5 | 19316.0
        Wizlab |   0.8 |   0.9 |   0.0 |   0.0 |   1.1 | 13839.0
         Arena |   0.0 |   0.0 |   0.0 |   0.0 |   0.0 | 478.0
               +-------+-------+-------+-------+-------+----------------------

Table legend: (Time is in decaauts)
 A = Elapsed time spent in this place.
 B = Non-inter-level travel time spent in this place.
 C = Inter-level travel time spent in this place.
 D = Time resting spent in this place.
 E = Time spent auto-exploring this place.
 F = Levels seen in this place.
 G = Mean time per level.
                   A        B        C        D        E       F      G
               +--------+--------+--------+--------+--------+-----+--------+
         Total |  74201 |  65082 |   9119 |  14167 |  30665 |  58 | 1279.3 |
       Dungeon |  25655 |  21730 |   3925 |   7491 |  11332 |  15 | 1710.3 |
          Lair |   8172 |   7014 |   1158 |   1834 |   3407 |   5 | 1634.4 |
         Swamp |   4830 |   4407 |    423 |   1003 |   1904 |   4 | 1207.5 |
     Snake Pit |   6092 |   5499 |    593 |    904 |   3012 |   4 | 1523.0 |
    Slime Pits |    239 |    152 |     87 |      0 |     10 |   5 |   47.8 |
  Orcish Mines |   3991 |   3527 |    464 |   1183 |   1407 |   2 | 1995.5 |
   Elven Halls |   4086 |   3738 |    348 |    456 |   1505 |   3 | 1362.0 |
        Vaults |   8835 |   7736 |   1099 |    478 |   3902 |   5 | 1767.0 |
        Depths |   4995 |   4305 |    690 |     57 |   1969 |   4 | 1248.8 |
           Zot |   4462 |   4135 |    327 |    419 |   1356 |   5 |  892.4 |
         Abyss |   1064 |   1064 |      0 |     40 |    419 |   2 |  532.0 |
        Bailey |    360 |    360 |      0 |     13 |    133 |   1 |  360.0 |
      Ice Cave |    860 |    860 |      0 |    221 |    253 |   1 |  860.0 |
        Wizlab |    529 |    529 |      0 |     64 |     54 |   1 |  529.0 |
         Arena |     21 |     21 |      0 |      0 |      0 |   1 |   21.0 |
               +--------+--------+--------+--------+--------+-----+--------+

Top non-repeatable levels by time:
     D:5: 6778 daAuts
   Orc:2: 2885 daAuts
  Lair:2: 2331 daAuts
Vaults:1: 2162 daAuts
   Elf:3: 1986 daAuts
 Swamp:1: 1959 daAuts
    D:14: 1948 daAuts
     D:9: 1913 daAuts
    D:10: 1892 daAuts
     D:8: 1807 daAuts
  Lair:3: 1776 daAuts
 Snake:2: 1749 daAuts
  Lair:5: 1743 daAuts
Vaults:5: 1718 daAuts
Vaults:4: 1705 daAuts
